Workbook

Sheet Титул.лист
J1: Приложение 1
A2: СОГЛАСОВАНО | E2: УТВЕРЖДАЮ
A3: Председатель наблюдательного совета | E3: Директор муниципального автономного общеобразовательного учреждения - Лицей № 62 Октябрьского района г. Саратова
A5: (наименование должностного лица, утверждающего документ) | E5: (наименование должностного лица, утверждающего документ)
E7: (наименование учредителя (учреждения)
A8: Е.С. Курохтина | E8: З.В. Медведева
A9: (подпись) | B9: (расшифровка подписи) | E9: (подпись) | H9: (расшифровка подписи)
E11: 20 г.
A19: План финансово-хозяйственной деятельности муниципального общеобразовательного учреждения на 2020 год (на 2020 год и плановый период 2021 и 2022 годов )
A21: от "_____" __________________ 20___г. | J21: Коды
H22: Дата
A23: Орган, осуществляющий функции и полномочия учредителя | H23: по Сводному реестру
B24: Администрации Октябрьского района г. Саратова муниципального образования "Город Саратов" | H24: глава по БК
H25: по Сводному реестру
H26: ИНН | J26: 6454048318
A27: Учреждение | B27: Муниципальное автономное общеобразовательное учреждение - Лицей №62 Октябрьского района г. Саратова | H27: КПП | J27: 645401001
H28: по ОКЕИ | J28: 383
A29: Единица измерения: руб.

Sheet Разд.1
A1: Раздел 1. Поступления и выплаты
A2: Наименование показателя | B2: Код строки | C2: Код по бюджетной классификации Российской Федерации | D2: Аналический код | F2: Сумма | J2: субсидии на финансовое обеспечение выполнения государственного (муниципального) задания | K2: *субсидии, предоставляемые в соответствии с абзацем вторым пункта 1 статьи 78.1 Бюджетного кодекса | P2: **субсидии на осуществление капитальных вложений | Q2: ***поступления от оказания услуг (выполнения работ)на платной основе и от иной приносящей доход деятельности | AA2: субсидии на финансовое обеспечение выполнения государственного (муниципального) задания | AB2: субсидии на финансовое обеспечение выполнения государственного задания из бюджета Федерального фонда обязательного медицинского страхования | AC2: *субсидии, предоставляемые в соответствии с абзацем вторым пункта 1 статьи 78.1 Бюджетного кодекса | AH2: **субсидии на осуществление капитальных вложений | AI2: средства обязательного медицинского страхования | AJ2: ***поступления от оказания ууслуг (выполнения работ)на платной основе и от иной приносящей доход деятельности
F3: на 2020 г. текущий финансовый год | G3: на 2021 г. первый год планового периода | H3: на 2022 г. второй год планового периода | I3: за пределами планового периода | Q3: родительская плата за присмотр и уход за ребенком, осваивающим образовательные программы дошкольного образования в муниципальных образовательных организациях, осуществляющих образовательную деятельность по реализации образовательных программ дошкольного образования | R3: доходы от оказания платных услуг*** | S3: доходы по условным арендным платежам | T3: доходы от операционной аренды | U3: доходы от штрафных санкций за нарушение законодательства о закупках и нарушение условий контрактов (договоров) | V3: иные доходы, невыясненные поступления | W3: доходы, поступающие от выбытия материальных активов | X3: гранты | Y3: на 20___г. второй год планового периода | Z3: за пределами планового периода | AC3: Расходы на присмотр и уход за детьми дошкольного возраста в муниципальных образовательных организациях, реализующих основную общеобразовательную программу дошкольного образования | AD3: Погашение кредиторской задолженности прошлых лет по расходам на выполнение муниципальных заданий муниципальными бюджетными и автономными учреждениями | AJ3: родительская плата за присмотр и уход за ребенком, осваивающим образовательные программы дошкольного образования в муниципальных образовательных организациях, осуществляющих образовательную деятельность по реализации образовательных программ дошкольного образования | AK3: доходы от оказания платных услуг*** | AL3: доходы по условным арендным платежам | AM3: доходы от операционной аренды | AN3: доходы от штрафных санкций за нарушение законодательства о закупках и нарушение условий контрактов (договоров) | AQ3: иные доходы, невыясненные поступления | AR3: доходы, поступающие от выбытия материальных активов | AS3: гранты
A4: 1 | B4: 2 | C4: 3 | D4: 4 | E4: 5 | F4: 5 | G4: 6 | H4: 7 | I4: 8 | J4: 6 | K4: 7 | L4: 8 | P4: 9 | Q4: 10 | R4: 11 | S4: 12 | T4: 13 | U4: 14 | V4: 15 | W4: 16 | X4: 16 | Y4: 7 | Z4: 8
A5: Остаток средств на начало текущего финансового года | B5: 0001 | C5: Х | D5: Х | E5: =SUM(J5:X5) -> 0 | F5: =Разд.1.1!E5 -> 563705.8 | G5: =Разд.1.2!E5 -> 0 | H5: =Разд.1.3!E5 -> 0
A6: Остаток средств на конец текущего финансового года | B6: 0002 | C6: Х | D6: Х | E6: =+E5+E7-E32 -> 0 | F6: =Разд.1.1!E6 -> 563705.8 | G6: =Разд.1.2!E6 -> 0 | H6: =Разд.1.3!E6 -> 0 | J6: =+J5+J7-J32 -> 0 | K6: =+K5+K7-K32 -> 0 | L6: =+L5+L7-L32 -> 0 | M6: =+M5+M7-M32 -> 0 | N6: =+N5+N7-N32 -> 0 | O6: =+O5+O7-O32 -> 0 | P6: =+P5+P7-P32 -> 0 | Q6: =+Q5+Q7-Q32 -> 0 | ... Y6: =+Y5+Y7-Y32 -> 0
A7: Доходы, всего: | B7: 1000 | E7: =+E8+E10+E14+E17+E18+E26 -> 0 | F7: =Разд.1.1!E7 -> 52159942 | G7: =Разд.1.2!E7 -> 60689734 | H7: =Разд.1.3!E7 -> 63876433 | J7: =+J8+J10+J14+J17+J18+J26 -> 0 | K7: =+K8+K10+K14+K17+K18+K26 -> 0 | L7: =+L8+L10+L14+L17+L18+L26 -> 0 | M7: =+M8+M10+M14+M17+M18+M26 -> 0 | N7: =+N8+N10+N14+N17+N18+N26 -> 0 | O7: =+O8+O10+O14+O17+O18+O26 -> 0 | P7: =+P8+P10+P14+P17+P18+P26 -> 0 | Q7: =+Q8+Q10+Q14+Q17+Q18+Q26 -> 0 | ... Z7: =+Z8+Z10+Z14+Z17+Z18+Z26 -> 0
A8: в том числе: доходы от собстенности, всего | B8: 1100 | C8: 120 | F8: =Разд.1.1!E8 -> 347460 | G8: =Разд.1.2!E8 -> 347460 | H8: =Разд.1.3!E8 -> 347460
A9: в том числе: | B9: 1110 | F9: =Разд.1.1!E9 -> 0 | G9: =Разд.1.2!E9 -> 0 | H9: =Разд.1.3!E9 -> 0
A10: доходы от оказания услуг, работ, компенсаций затрат учреждений, всего | B10: 1200 | C10: 130 | E10: =+E11+E12 -> 0 | F10: =Разд.1.1!E10 -> 50873982 | G10: =Разд.1.2!E10 -> 58503774 | H10: =Разд.1.3!E10 -> 62590473 | J10: =+J11+J12 -> 0 | K10: =+K11+K12 -> 0 | L10: =+L11+L12 -> 0 | M10: =+M11+M12 -> 0 | N10: =+N11+N12 -> 0 | O10: =+O11+O12 -> 0 | P10: =+P11+P12 -> 0 | Q10: =+Q11+Q12 -> 0 | ... Z10: =+Z11+Z12 -> 0
A11: в том числе: субсидии на финансовое обеспечение выполнения государственного (муниципального) задания за счет средств бюджета публично-правового образования, создавшего учреждение | B11: 1210 | C11: 130 | D11: =+E11 -> 0 | F11: =Разд.1.1!E11 -> 46421442 | G11: =Разд.1.2!E11 -> 54051234 | H11: =Разд.1.3!E11 -> 58137933
A12: субсидии на финансовое обеспечение выполнения государственного задания за счет средств бюджета Федерального фонда обязательного медицинского страхования | B12: 1220 | C12: 130 | F12: =Разд.1.1!E12 -> 0 | G12: =Разд.1.2!E12 -> 0 | H12: =Разд.1.3!E12 -> 0
A13: поступления от оказания услуг (выполнения работ) на платной основе | B13: 1230 | C13: 130 | F13: =Разд.1.1!E13 -> 4452540 | G13: =Разд.1.2!E13 -> 4452540 | H13: =Разд.1.3!E13 -> 4452540
A14: доходы от штрафов, пеней, иных сумм принудительного изъятия, всего | B14: 1300 | C14: 140 | E14: =+E15+E16 -> 0 | F14: =Разд.1.1!E14 -> 0 | G14: =Разд.1.2!E14 -> 0 | H14: =Разд.1.3!E14 -> 0 | J14: =+J15+J16 -> 0 | K14: =+K15+K16 -> 0 | L14: =+L15+L16 -> 0 | M14: =+M15+M16 -> 0 | N14: =+N15+N16 -> 0 | O14: =+O15+O16 -> 0 | P14: =+P15+P16 -> 0 | Q14: =+Q15+Q16 -> 0 | ... Z14: =+Z15+Z16 -> 0
A15: в том числе: | B15: 1310 | C15: 140 | F15: =Разд.1.1!E15 -> 0 | G15: =Разд.1.2!E15 -> 0 | H15: =Разд.1.3!E15 -> 0
F16: =Разд.1.1!E16 -> 0 | G16: =Разд.1.2!E16 -> 0 | H16: =Разд.1.3!E16 -> 0
A17: безвозмездные денежные поступления, всего | B17: 1400 | C17: 150 | F17: =Разд.1.1!E17 -> 0 | G17: =Разд.1.2!E17 -> 0 | H17: =Разд.1.3!E17 -> 0
A18: в том числе: | F18: =Разд.1.1!E18 -> 0 | G18: =Разд.1.2!E18 -> 0 | H18: =Разд.1.3!E18 -> 0
A19: прочие доходы, всего: | B19: 1500 | C19: 180 | E19: =+E20+E24+#REF! -> #REF! | F19: =Разд.1.1!E19 -> 938500 | G19: =Разд.1.2!E19 -> 1838500 | H19: =Разд.1.3!E19 -> 938500 | J19: =+J20+J24+#REF! -> #REF! | K19: =+K20+K24+#REF! -> #REF! | L19: =+L20+L24+#REF! -> #REF! | M19: =+M20+M24+#REF! -> #REF! | N19: =+N20+N24+#REF! -> #REF! | O19: =+O20+O24+#REF! -> #REF! | P19: =+P20+P24+#REF! -> #REF! | Q19: =+Q20+Q24+#REF! -> #REF! | ... W19: =+W20+W24+#REF! -> #REF! | X19: =+X20+X24 -> 0 | Y19: =+Y20+Y24 -> 0 | Z19: =+Z20+Z24 -> 0
A20: в том числе: целевые субсидии, всего | B20: 1510 | C20: 180 | E20: =+E21+E22+E23 -> 0 | F20: =Разд.1.1!E20 -> 938500 | G20: =Разд.1.2!E20 -> 1838500 | H20: =Разд.1.3!E20 -> 938500 | J20: =+J21+J22+J23 -> 0 | K20: =+K21+K22+K23 -> 0 | L20: =+L21+L22+L23 -> 0 | M20: =+M21+M22+M23 -> 0 | N20: =+N21+N22+N23 -> 0 | O20: =+O21+O22+O23 -> 0 | P20: =+P21+P22+P23 -> 0 | Q20: =+Q21+Q22+Q23 -> 0 | ... Z20: =+Z21+Z22+Z23 -> 0
A21: в том числе: | B21: 1511 | C21: 180 | F21: =Разд.1.1!E21 -> 917400 | G21: =Разд.1.2!E21 -> 917400 | H21: =Разд.1.3!E21 -> 917400
B22: 1512 | C22: 180 | E22: =+K22 -> 0 | F22: =Разд.1.1!E22 -> 21100 | G22: =Разд.1.2!E22 -> 21100 | H22: =Разд.1.3!E22 -> 21100
B23: 1513 | C23: 180 | E23: =+L23 -> 0 | F23: =Разд.1.1!E23 -> 0 | G23: =Разд.1.2!E23 -> 900000 | H23: =Разд.1.3!E23 -> 0
A24: субсидии на осуществление капитальных вложений | B24: 1520 | C24: 180 | E24: =+P24 -> 0 | F24: =Разд.1.1!E24 -> 0 | G24: =Разд.1.2!E24 -> 0 | H24: =Разд.1.3!E24 -> 0
A25: от иной приносящей доход деятельности | B25: 1530 | C25: 180 | F25: =Разд.1.1!E25 -> 0 | G25: =Разд.1.2!E25 -> 0 | H25: =Разд.1.3!E25 -> 0
A26: доходы от операций с активами, всего | B26: 1900 | F26: =Разд.1.1!E26 -> 0 | G26: =Разд.1.2!E26 -> 0 | H26: =Разд.1.3!E26 -> 0
A27: в том числе: | F27: =Разд.1.1!E27 -> 0 | G27: =Разд.1.2!E27 -> 0 | H27: =Разд.1.3!E27 -> 0
F28: =Разд.1.1!E28 -> 0 | G28: =Разд.1.2!E28 -> 0 | H28: =Разд.1.3!E28 -> 0
A29: прочие поступления, всего | B29: 1980 | C29: Х | F29: =Разд.1.1!E29 -> 0 | G29: =Разд.1.2!E29 -> 0 | H29: =Разд.1.3!E29 -> 0
A30: из них: увеличение остатков денежных средств за счет возврата дебиторской задолженности прошлых лет | B30: 1981 | C30: 510 | F30: =Разд.1.1!E30 -> 0 | G30: =Разд.1.2!E30 -> 0 | H30: =Разд.1.3!E30 -> 0 | Z30: Х
F31: =Разд.1.1!E31 -> 0 | G31: =Разд.1.2!E31 -> 0 | H31: =Разд.1.3!E31 -> 0 | Z31: Х
A32: Расходы, всего | B32: 2000 | C32: Х | E32: =+E33+E45+E52+E56+E60+E62+E76+E80 -> 0 | F32: =Разд.1.1!E32 -> 52159942 | G32: =Разд.1.2!E32 -> 60689734 | H32: =Разд.1.3!E32 -> 63876433 | J32: =+J33+J45+J52+J56+J60+J62+J76+J80 -> 0 | K32: =+K33+K45+K52+K56+K60+K62+K76+K80 -> 0 | L32: =+L33+L45+L52+L56+L60+L62+L76+L80 -> 0 | M32: =+M33+M45+M52+M56+M60+M62+M76+M80 -> 0 | N32: =+N33+N45+N52+N56+N60+N62+N76+N80 -> 0 | O32: =+O33+O45+O52+O56+O60+O62+O76+O80 -> 0 | P32: =+P33+P45+P52+P56+P60+P62+P76+P80 -> 0 | Q32: =+Q33+Q45+Q52+Q56+Q60+Q62+Q76+Q80 -> 0 | ... Y32: =+Y33+Y45+Y52+Y56+Y60+Y62+Y76+Y80 -> 0 | Z32: Х
A33: в том числе: на выплаты персоналу, всего | B33: 2100 | C33: Х | E33: =+E34+E37+E40+E41+E42 -> 0 | F33: =Разд.1.1!E33 -> 45953177 | G33: =Разд.1.2!E33 -> 53430358 | H33: =Разд.1.3!E33 -> 57380046 | J33: =+J34+J37+J40+J41 -> 0 | K33: =+K34+K37+K40+K41 -> 0 | L33: =+L34+L37+L40+L41 -> 0 | M33: =+M34+M37+M40+M41 -> 0 | N33: =+N34+N37+N40+N41 -> 0 | O33: =+O34+O37+O40+O41 -> 0 | P33: =+P34+P37+P40+P41 -> 0 | Q33: =+Q34+Q37+Q40+Q41 -> 0 | ... W33: =+W34+W37+W40+W41 -> 0 | Z33: Х
A34: в том числе: оплата труда | B34: 2110 | C34: 111 | E34: =SUM(J34:X34) -> 0 | F34: =Разд.1.1!E34 -> 35291281 | G34: =Разд.1.2!E34 -> 41057110 | H34: =Разд.1.3!E34 -> 44090665 | Z34: Х
A35: прочие выплаты персоналу, в том числе компенсационного характера | B35: 2120 | C35: 112 | E35: =SUM(J35:X35) -> 0 | F35: =Разд.1.1!E35 -> 4200 | G35: =Разд.1.2!E35 -> 4200 | H35: =Разд.1.3!E35 -> 4200 | Z35: Х
A36: иные выплаты, за исключением фонда оплаты труда учреждения, для выполнения отдельных полномочий | B36: 2130 | C36: 113 | E36: =SUM(J36:X36) -> 0 | F36: =Разд.1.1!E36 -> 0 | G36: =Разд.1.2!E36 -> 0 | H36: =Разд.1.3!E36 -> 0 | Z36: Х
A37: взносы по обязательному социальному страхованию на выплаты по оплате труда работников и иные выплаты работникам учреждений, всего | B37: 2140 | C37: 119 | E37: =+E38+E39 -> 0 | F37: =Разд.1.1!E37 -> 10657696 | G37: =Разд.1.2!E37 -> 12369048 | H37: =Разд.1.3!E37 -> 13285181 | J37: =+J38+J39 -> 0 | K37: =+K38+K39 -> 0 | L37: =+L38+L39 -> 0 | M37: =+M38+M39 -> 0 | N37: =+N38+N39 -> 0 | O37: =+O38+O39 -> 0 | P37: =+P38+P39 -> 0 | Q37: =+Q38+Q39 -> 0 | ... W37: =+W38+W39 -> 0 | Z37: Х
A38: в том числе: на выплаты по оплате труда | B38: 2141 | C38: 119 | E38: =SUM(J38:X38) -> 0 | F38: =Разд.1.1!E38 -> 10657696 | G38: =Разд.1.2!E38 -> 12369048 | H38: =Разд.1.3!E38 -> 13285181 | Z38: Х
A39: на иные выплаты работникам | B39: 2142 | C39: 119 | E39: =SUM(J39:X39) -> 0 | F39: =Разд.1.1!E39 -> 0 | G39: =Разд.1.2!E39 -> 0 | H39: =Разд.1.3!E39 -> 0 | Z39: Х
A40: денежное довольствие военнослужащих и сотрудников, имеющих специальные звания | B40: 2150 | C40: 131 | E40: =SUM(J40:X40) -> 0 | F40: =Разд.1.1!E40 -> 0 | G40: =Разд.1.2!E40 -> 0 | H40: =Разд.1.3!E40 -> 0 | Z40: Х
A41: иные выплаты военнослужащим и сотрудникам, имеющим специальные звания | B41: 2160 | C41: 134 | E41: =SUM(J41:X41) -> 0 | F41: =Разд.1.1!E41 -> 0 | G41: =Разд.1.2!E41 -> 0 | H41: =Разд.1.3!E41 -> 0 | Z41: Х
A42: страховые взносы на обязательное социальное страхование в части выплат персоналу, подлежащих обложению страховыми взносами | B42: 2170 | C42: 139 | E42: =SUM(J42:X42) -> 0 | F42: =Разд.1.1!E42 -> 0 | G42: =Разд.1.2!E42 -> 0 | H42: =Разд.1.3!E42 -> 0 | Z42: Х
A43: в том числе: на оплату труда стажеров | B43: 2171 | C43: 139 | E43: =SUM(J43:X43) -> 0 | F43: =Разд.1.1!E43 -> 0 | G43: =Разд.1.2!E43 -> 0 | H43: =Разд.1.3!E43 -> 0 | Z43: Х
A44: на иные выплаты гражданским лицам (денежное содержание) | B44: 2172 | C44: 139 | E44: =SUM(J44:X44) -> 0 | F44: =Разд.1.1!E44 -> 0 | G44: =Разд.1.2!E44 -> 0 | H44: =Разд.1.3!E44 -> 0 | Z44: Х
A45: социальные и иные выплаты населению, всего | B45: 2200 | C45: 300 | E45: =+E46+E47 -> 0 | F45: =Разд.1.1!E45 -> 0 | G45: =Разд.1.2!E45 -> 0 | H45: =Разд.1.3!E45 -> 0 | Z45: Х
A46: в том числе: социальные выплаты гражданам, кроме публичных нормативных социальных выплат | B46: 2210 | C46: 300 | E46: =SUM(J46:X46) -> 0 | F46: =Разд.1.1!E46 -> 0 | G46: =Разд.1.2!E46 -> 0 | H46: =Разд.1.3!E46 -> 0 | Z46: Х
A47: из них: пособия, компенсации и иные социальные выплаты гражданам, кроме публичных нормативных обязательств | B47: 2211 | C47: 321 | E47: =SUM(J47:X47) -> 0 | F47: =Разд.1.1!E47 -> 0 | G47: =Разд.1.2!E47 -> 0 | H47: =Разд.1.3!E47 -> 0 | Z47: Х
E48: =SUM(J48:X48) -> 0 | F48: =Разд.1.1!E48 -> 0 | G48: =Разд.1.2!E48 -> 0 | H48: =Разд.1.3!E48 -> 0
A49: выплата стипендий, осуществление иных расходов на социальную поддержку обучающихся за счет средств стипендиального фонда | B49: 2220 | C49: 340 | E49: =SUM(J49:X49) -> 0 | F49: =Разд.1.1!E49 -> 0 | G49: =Разд.1.2!E49 -> 0 | H49: =Разд.1.3!E49 -> 0 | Z49: Х
A50: на премирование физических лиц за достижения в области культуры, искусства, образования, науки и техники, а также на предоставление грантов с целью поддержки проектов в области науки, культуры и искусства | B50: 2230 | C50: 350 | E50: =SUM(J50:X50) -> 0 | F50: =Разд.1.1!E50 -> 0 | G50: =Разд.1.2!E50 -> 0 | H50: =Разд.1.3!E50 -> 0 | Z50: Х
A51: социальное обеспечение детей-сирот и детей, оставшихся без попечения родителей | B51: 2240 | C51: 360 | E51: =SUM(J51:X51) -> 0 | F51: =Разд.1.1!E51 -> 0 | G51: =Разд.1.2!E51 -> 0 | H51: =Разд.1.3!E51 -> 0 | Z51: Х
A52: уплата налогов, сборов и иных платежей, всего | B52: 2300 | C52: 850 | E52: =+E53+E54+E55 -> 0 | F52: =Разд.1.1!E52 -> 543100 | G52: =Разд.1.2!E52 -> 543100 | H52: =Разд.1.3!E52 -> 543100 | J52: =+J53+J54+J55 -> 0 | K52: =+K53+K54+K55 -> 0 | L52: =+L53+L54+L55 -> 0 | M52: =+M53+M54+M55 -> 0 | N52: =+N53+N54+N55 -> 0 | O52: =+O53+O54+O55 -> 0 | P52: =+P53+P54+P55 -> 0 | Q52: =+Q53+Q54+Q55 -> 0 | ... W52: =+W53+W54+W55 -> 0 | Z52: Х
A53: из них: налог на имущество организаций и земельный налог | B53: 2310 | C53: 851 | E53: =SUM(J53:X53) -> 0 | F53: =Разд.1.1!E53 -> 533100 | G53: =Разд.1.2!E53 -> 533100 | H53: =Разд.1.3!E53 -> 533100 | Z53: Х
A54: иные налоги (включаемые в состав расходов) в бюджеты бюджетной системы Российской Федерации, а также государственная пошлина | B54: 2320 | C54: 852 | E54: =SUM(J54:X54) -> 0 | F54: =Разд.1.1!E54 -> 0 | G54: =Разд.1.2!E54 -> 0 | H54: =Разд.1.3!E54 -> 0 | Z54: Х
A55: уплата штрафов (в том числе административных), пеней, иных платежей | B55: 2330 | C55: 853 | E55: =SUM(J55:X55) -> 0 | F55: =Разд.1.1!E55 -> 10000 | G55: =Разд.1.2!E55 -> 10000 | H55: =Разд.1.3!E55 -> 10000 | Z55: Х
A56: безвозмездные перечисления организациям и физическим лицам, всего | B56: 2400 | C56: Х | E56: =+E57+E58+E59 -> 0 | F56: =Разд.1.1!E56 -> 0 | G56: =Разд.1.2!E56 -> 0 | H56: =Разд.1.3!E56 -> 0 | J56: =+J58+J57+J59 -> 0 | K56: =+K58+K57+K59 -> 0 | L56: =+L58+L57+L59 -> 0 | M56: =+M58+M57+M59 -> 0 | N56: =+N58+N57+N59 -> 0 | O56: =+O58+O57+O59 -> 0 | P56: =+P58+P57+P59 -> 0 | Q56: =+Q58+Q57+Q59 -> 0 | ... W56: =+W58+W57+W59 -> 0 | Z56: Х
A57: из них: гранты, предоставляемые другим организациям и физическим лицам | B57: 2410 | C57: 810 | E57: =SUM(J57:X57) -> 0 | F57: =Разд.1.1!E57 -> 0 | G57: =Разд.1.2!E57 -> 0 | H57: =Разд.1.3!E57 -> 0 | Z57: Х
A58: взносы в международные организации | B58: 2420 | C58: 862 | E58: =SUM(J58:X58) -> 0 | F58: =Разд.1.1!E58 -> 0 | G58: =Разд.1.2!E58 -> 0 | H58: =Разд.1.3!E58 -> 0 | Z58: Х
A59: платежи в целях обеспечения реализации соглашений с правительствами иностранных государств и международными организациями | B59: 2430 | C59: 863 | E59: =SUM(J59:X59) -> 0 | F59: =Разд.1.1!E59 -> 0 | G59: =Разд.1.2!E59 -> 0 | H59: =Разд.1.3!E59 -> 0 | Z59: Х
A60: прочие выплаты (кроме выплат на закупку товаров, работ, услуг) | B60: 2500 | C60: Х | E60: =+E61 -> 0 | F60: =Разд.1.1!E60 -> 0 | G60: =Разд.1.2!E60 -> 0 | H60: =Разд.1.3!E60 -> 0 | J60: =+J61 -> 0 | K60: =+K61 -> 0 | L60: =+L61 -> 0 | M60: =+M61 -> 0 | N60: =+N61 -> 0 | O60: =+O61 -> 0 | P60: =+P61 -> 0 | Q60: =+Q61 -> 0 | ... W60: =+W61 -> 0 | Z60: Х
A61: исполнение судебных актов Российской Федерации и мировых соглашений по возмещению вреда, причиненного в результате деятельности учреждения | B61: 2520 | C61: 831 | E61: =SUM(J61:X61) -> 0 | F61: =Разд.1.1!E61 -> 0 | G61: =Разд.1.2!E61 -> 0 | H61: =Разд.1.3!E61 -> 0 | Z61: Х
A62: расходы на закупку товаров, работ, услуг, всего | B62: 2600 | C62: Х | E62: =+E63+E64+E65+E66+E73+E67 -> 0 | F62: =Разд.1.1!E62 -> 5663665 | G62: =Разд.1.2!E62 -> 6716276 | H62: =Разд.1.3!E62 -> 5953287 | J62: =+J63+J64+J65+J66 -> 0 | K62: =+K63+K64+K65+K66 -> 0 | L62: =+L63+L64+L65+L66 -> 0 | M62: =+M63+M64+M65+M66 -> 0 | N62: =+N63+N64+N65+N66 -> 0 | O62: =+O63+O64+O65+O66 -> 0 | P62: =+P63+P64+P65+P66 -> 0 | Q62: =+Q63+Q64+Q65+Q66 -> 0 | ... W62: =+W63+W64+W65+W66 -> 0
A63: в том числе: закупку научно-исследовательских и опытно-конструкторских работ | B63: 2610 | C63: 241 | E63: =SUM(J63:X63) -> 0 | F63: =Разд.1.1!E63 -> 0 | G63: =Разд.1.2!E63 -> 0 | H63: =Разд.1.3!E63 -> 0
A64: закупку товаров, работ, услуг в сфере информационно-коммуникационных технологий | B64: 2620 | C64: 242 | E64: =SUM(J64:X64) -> 0 | F64: =Разд.1.1!E64 -> 0 | G64: =Разд.1.2!E64 -> 0 | H64: =Разд.1.3!E64 -> 0
A65: закупку товаров, работ, услуг в целях капитального ремонта государственного (муниципального) имущества | B65: 2630 | C65: 243 | E65: =SUM(J65:X65) -> 0 | F65: =Разд.1.1!E65 -> 0 | G65: =Разд.1.2!E65 -> 0 | H65: =Разд.1.3!E65 -> 0
A66: прочую закупку товаров, работ и услуг, всего | B66: 2640 | C66: 244 | E66: =SUM(J66:X66) -> 0 | F66: =Разд.1.1!E66 -> 5663665 | G66: =Разд.1.2!E66 -> 6716276 | H66: =Разд.1.3!E66 -> 5953287
A67: в том числе: поступления нефинансовых активов | B67: 2641 | C67: 244 | E67: =SUM(J67:X67) -> 0 | F67: =Разд.1.1!E67 -> 2518204 | G67: =Разд.1.2!E67 -> 2524771 | H67: =Разд.1.3!E67 -> 2557610 | J67: =+J69+J70+J71 -> 0 | K67: =+K69+K70+K71 -> 0 | L67: =+L69+L70+L71 -> 0 | M67: =+M69+M70+M71 -> 0 | N67: =+N69+N70+N71 -> 0 | O67: =+O69+O70+O71 -> 0 | P67: =+P69+P70+P71 -> 0 | Q67: =+Q69+Q70+Q71 -> 0 | ... W67: =+W69+W70+W71 -> 0
A68: из них: | E68: =SUM(J68:X68) -> 0 | F68: =Разд.1.1!E68 -> 0 | G68: =Разд.1.2!E68 -> 0 | H68: =Разд.1.3!E68 -> 0
A69: увеличение стоимости основных средств | B69: 2642 | C69: 244 | E69: =SUM(J69:X69) -> 0 | F69: =Разд.1.1!E69 -> 1340180 | G69: =Разд.1.2!E69 -> 1344910 | H69: =Разд.1.3!E69 -> 1376450
A70: увеличение стоимости нематериальных активов | B70: 2643 | C70: 244 | E70: =SUM(J70:X70) -> 0 | F70: =Разд.1.1!E70 -> 0 | G70: =Разд.1.2!E70 -> 0 | H70: =Разд.1.3!E70 -> 0
A71: увеличение стоимости материальных запасов | B71: 2644 | C71: 244 | E71: =SUM(J71:X71) -> 0 | F71: =Разд.1.1!E71 -> 1178024 | G71: =Разд.1.2!E71 -> 1179861 | H71: =Разд.1.3!E71 -> 1181160
A72: в том числе питание | E72: =SUM(J72:X72) -> 0 | F72: =Разд.1.1!E72 -> 917400 | G72: =Разд.1.2!E72 -> 917400 | H72: =Разд.1.3!E72 -> 917400
A73: капитальные вложения в объекты государственной (муниципальной) собственности, всего | B73: 2650 | C73: 400 | E73: =SUM(J73:X73) -> 0 | F73: =Разд.1.1!E73 -> 0 | G73: =Разд.1.2!E73 -> 0 | H73: =Разд.1.3!E73 -> 0
A74: в том числе: приобретение объектов недвижимого имущества государственными (муниципальными) учреждениями | B74: 2651 | C74: 406 | E74: =SUM(J74:X74) -> 0 | F74: =Разд.1.1!E74 -> 0 | G74: =Разд.1.2!E74 -> 0 | H74: =Разд.1.3!E74 -> 0
A75: строительство (реконструкция) объектов недвижимого имущества государственными (муниципальными) учреждениями | B75: 2652 | C75: 407 | E75: =SUM(J75:X75) -> 0 | F75: =Разд.1.1!E75 -> 0 | G75: =Разд.1.2!E75 -> 0 | H75: =Разд.1.3!E75 -> 0
A76: Выплаты, уменьшающие доход, всего | B76: 3000 | C76: 100 | E76: =SUM(J76:X76) -> 0 | F76: =Разд.1.1!E76 -> 0 | G76: =Разд.1.2!E76 -> 0 | H76: =Разд.1.3!E76 -> 0 | Z76: Х
A77: в том числе: налог на прибыль | B77: 3010 | E77: =SUM(J77:X77) -> 0 | F77: =Разд.1.1!E77 -> 0 | G77: =Разд.1.2!E77 -> 0 | H77: =Разд.1.3!E77 -> 0 | Z77: Х
A78: налог на добавленную стоимость | B78: 3020 | E78: =SUM(J78:X78) -> 0 | F78: =Разд.1.1!E78 -> 0 | G78: =Разд.1.2!E78 -> 0 | H78: =Разд.1.3!E78 -> 0 | Z78: Х
A79: прочие налоги, уменьшающие доход | B79: 3030 | E79: =SUM(J79:X79) -> 0 | F79: =Разд.1.1!E79 -> 0 | G79: =Разд.1.2!E79 -> 0 | H79: =Разд.1.3!E79 -> 0 | Z79: Х
A80: Прочие выплаты, всего | B80: 4000 | C80: Х | F80: =Разд.1.1!E80 -> 0 | G80: =Разд.1.2!E80 -> 0 | H80: =Разд.1.3!E80 -> 0 | Z80: Х
A81: из них: возврат в бюджет средств субсидии | B81: 4010 | C81: 610 | E81: =SUM(J81:X81) -> 0 | F81: =Разд.1.1!E81 -> 0 | G81: =Разд.1.2!E81 -> 0 | H81: =Разд.1.3!E81 -> 0 | Z81: Х

Sheet Разд.1.1
A1: Раздел 1.1. Поступления и выплаты на 2020 год текущий финансовый год, руб. (с точностью до двух знаков после запятой-0,00)
A2: Наименование показателя | B2: Код строки | C2: Код по бюджетной классификации Российской Федерации | D2: Аналический код | E2: Всего | F2: субсидии на финансовое обеспечение выполнения государственного (муниципального) задания | G2: *субсидии, предоставляемые в соответствии с абзацем вторым пункта 1 статьи 78.1 Бюджетного кодекса | L2: **субсидии на осуществление капитальных вложений | M2: ***поступления от оказания услуг (выполнения работ) на платной основе и от иной приносящей доход деятельности | V2: субсидии на финансовое обеспечение выполнения государственного (муниципального) задания | W2: субсидии на финансовое обеспечение выполнения государственного задания из бюджета Федерального фонда обязательного медицинского страхования | X2: *субсидии, предоставляемые в соответствии с абзацем вторым пункта 1 статьи 78.1 Бюджетного кодекса | AC2: **субсидии на осуществление капитальных вложений | AD2: средства обязательного медицинского страхования | AE2: ***поступления от оказания ууслуг (выполнения работ)на платной основе и от иной приносящей доход деятельности
G3: Муниципальная программа "Развитие образования в муниципальном образовании "Город Саратов" на 2017-2020 годы. Подпрограмма "Развитие системы общего образования". Основное мероприятие "Предоставление питания отдельным категориям обучающихся в муниципальных образовательных организациях, реализующих образовательные программы начального общего, основного общего и среднего общего образования" | H3: Муниципальная программа "Развитие образования в муниципальном образовании "Город Саратов" на 2017-2020 годы. Подпрограмма "Развитие системы общего образования". Основное мероприятие "Совершенствование материально-технической базы и инфраструктуры муниципальных общеобразовательных учреждений" | I3: Муниципальная программа "Участие в организации временного трудоустройства несовершеннолетних в возрасте от 14 до 18 лет в свободное от учебы время" на 2019-2021 годы. Подпрограмма "Организация и стимулирование интеграции несовершеннолетних в возрасте от 14 до 18 лет в трудовую деятельность". Основное мероприятие "Трудоустройство несовершеннолетних в свободное от учебы время в муниципальных учреждениях". | M3: родительская плата за присмотр и уход за ребенком, освающим образовательные программы дошкольного образования | N3: доходы от оказания платных услуг*** | O3: доходы поступающие в порядке возмещения расходов, понесенных в связи с эксплуатацией имущества | P3: поступления от иной приносящей доход деятельности | Q3: поступления в рамках благотворительной деятельности, пожертвования | S3: гранты | T3: на 20___г. второй год планового периода | U3: за пределами планового периода | X3: Расходы на присмотр и уход за детьми дошкольного возраста в муниципальных образовательных организациях, реализующих основную общеобразовательную программу дошкольного образования | Y3: Погашение кредиторской задолженности прошлых лет по расходам на выполнение муниципальных заданий муниципальными бюджетными и автономными учреждениями | AE3: родительская плата за присмотр и уход за ребенком, осваивающим образовательные программы дошкольного образования в муниципальных образовательных организациях, осуществляющих образовательную деятельность по реализации образовательных программ дошкольного образования | AF3: доходы от оказания платных услуг*** | AG3: доходы по условным арендным платежам | AH3: доходы от операционной аренды | AI3: доходы от штрафных санкций за нарушение законодательства о закупках и нарушение условий контрактов (договоров) | AL3: иные доходы, невыясненные поступления | AM3: доходы, поступающие от выбытия материальных активов | AN3: гранты
A4: 1 | B4: 2 | C4: 3 | D4: 4 | E4: 5 | F4: 6 | G4: 7 | H4: 8 | I4: 9 | N4: 10 | O4: 11 | P4: 12 | Q4: 14 | R4: 15 | S4: 16 | T4: 7 | U4: 8
A5: Остаток средств на начало текущего финансового года | B5: 0001 | C5: Х | D5: Х | E5: =SUM(F5:S5) -> 563705.8 | N5: 563705.8
A6: Остаток средств на конец текущего финансового года | B6: 0002 | C6: Х | D6: Х | E6: =+E5+E7-E32 -> 563705.8 | F6: =+F5+F7-F32 -> 0 | G6: =+G5+G7-G32 -> 0 | H6: =+H5+H7-H32 -> 0 | I6: =+I5+I7-I32 -> 0 | J6: =+J5+J7-J32 -> 0 | K6: =+K5+K7-K32 -> 0 | L6: =+L5+L7-L32 -> 0 | ... T6: =+T5+T7-T32 -> 0
A7: Доходы, всего: | B7: 1000 | E7: =+E8+E10+E14+E17+E19+E26 -> 52159942 | F7: =+F8+F10+F14+F17+F19+F26 -> 46421442 | G7: =+G8+G10+G14+G17+G19+G26 -> 917400 | H7: =+H8+H10+H14+H17+H19+H26 -> 0 | I7: =+I8+I10+I14+I17+I19+I26 -> 21100 | J7: =+J8+J10+J14+J17+J19+J26 -> 0 | K7: =+K8+K10+K14+K17+K19+K26 -> 0 | L7: =+L8+L10+L14+L17+L19+L26 -> 0 | ... P7: =+P8+P10+P14+P17+P19+P26 -> 347460 | Q7: =+Q8+Q10+Q14+Q17+Q18+Q26 -> 0 | R7: =+R8+R10+R14+R17+R18+R26 -> 0 | S7: =+S8+S10+S14+S17+S18+S26 -> 0 | T7: =+T8+T10+T14+T17+T18+T26 -> 0 | U7: =+U8+U10+U14+U17+U18+U26 -> 0
A8: в том числе: доходы от собстенности, всего | B8: 1100 | C8: 120 | E8: =F8+G8+H8+I8+N8+O8+P8 -> 347460 | P8: 347460
A9: в том числе: | B9: 1110
A10: доходы от оказания услуг, работ, компенсаций затрат учреждений, всего | B10: 1200 | C10: 130 | E10: =+E11+E12+E13 -> 50873982 | F10: =+F11+F12+F13 -> 46421442 | G10: =+G11+G12+G13 -> 0 | H10: =+H11+H12+H13 -> 0 | I10: =+I11+I12+I13 -> 0 | J10: =+J11+J12+J13 -> 0 | K10: =+K11+K12+K13 -> 0 | L10: =+L11+L12+L13 -> 0 | ... P10: =+P11+P12+P13 -> 0 | Q10: =+Q11+Q12 -> 0 | R10: =+R11+R12 -> 0 | S10: =+S11+S12 -> 0 | T10: =+T11+T12 -> 0 | U10: =+U11+U12 -> 0
A11: в том числе: субсидии на финансовое обеспечение выполнения государственного (муниципального) задания за счет средств бюджета публично-правового образования, создавшего учреждение | B11: 1210 | C11: 130 | E11: =F11+G11+H11+I11+N11+O11+P11 -> 46421442 | F11: =2682170+43739272 -> 46421442
A12: субсидии на финансовое обеспечение выполнения государственного задания за счет средств бюджета Федерального фонда обязательного медицинского страхования | B12: 1220 | C12: 130 | E12: =F12+G12+H12+I12+N12+O12+P12 -> 0
A13: поступления от оказания услуг (выполнения работ) на платной основе | B13: 1230 | C13: 130 | E13: =F13+G13+H13+I13+N13+O13+P13 -> 4452540 | N13: 4183124 | O13: 269416
A14: доходы от штрафов, пеней, иных сумм принудительного изъятия, всего | B14: 1300 | C14: 140 | E14: =+E15+E16 -> 0 | F14: =+F15+F16 -> 0 | G14: =+G15+G16 -> 0 | H14: =+H15+H16 -> 0 | I14: =+I15+I16 -> 0 | J14: =+J15+J16 -> 0 | K14: =+K15+K16 -> 0 | L14: =+L15+L16 -> 0 | ... U14: =+U15+U16 -> 0
A15: в том числе: | B15: 1310 | C15: 140
A17: безвозмездные денежные поступления, всего | B17: 1400 | C17: 150
A18: в том числе:
A19: прочие доходы, всего: | B19: 1500 | C19: 180 | E19: =+E20+E24+E25 -> 938500 | F19: =+F20+F24+F25 -> 0 | G19: =+G20+G24+G25 -> 917400 | H19: =+H20+H24+H25 -> 0 | I19: =+I20+I24+I25 -> 21100 | J19: =+J20+J24+J25 -> 0 | K19: =+K20+K24+K25 -> 0 | L19: =+L20+L24+L25 -> 0 | ... R19: =+R20+R24+R25 -> 0 | S19: =+S20+S24 -> 0 | T19: =+T20+T24 -> 0 | U19: =+U20+U24 -> 0
A20: в том числе: целевые субсидии, всего | B20: 1510 | C20: 180 | E20: =+E21+E22+E23 -> 938500 | F20: =+F21+F22+F23 -> 0 | G20: =+G21+G22+G23 -> 917400 | H20: =+H21+H22+H23 -> 0 | I20: =+I21+I22+I23 -> 21100 | J20: =+J21+J22+J23 -> 0 | K20: =+K21+K22+K23 -> 0 | L20: =+L21+L22+L23 -> 0 | ... U20: =+U21+U22+U23 -> 0
A21: Предоставление питания отдельным категориям обучающихся в муниципальных образовательных учреждениях, реализующих образовательные программы начального общего, основного общего и среднего общего образования | B21: 1511 | C21: 180 | E21: =F21+G21+H21+I21+N21+O21+P21 -> 917400 | G21: =92400+825000 -> 917400
A22: Трудоустройство несовершеннолетних в свободное от учебы время в муниципальные учреждения | B22: 1512 | C22: 180 | E22: =F22+G22+H22+I22+N22+O22+P22 -> 21100 | I22: 21100
A23: Внедрение целевой модели цифровой образовательной среды в общеобразовательных организациях и профессиональных образовательных организациях | B23: 1513 | C23: 180 | E23: =F23+G23+H23+I23+N23+O23+P23 -> 0
A24: субсидии на осуществление капитальных вложений | B24: 1520 | C24: 180 | E24: =F24+G24+H24+I24+N24+O24+P24 -> 0
A25: от иной приносящей доход деятельности | B25: 1530 | C25: 180 | E25: =F25+G25+H25+I25+N25+O25+P25 -> 0
A26: доходы от операций с активами, всего | B26: 1900 | E26: =+E27+E28 -> 0
A27: в том числе: | E27: =F27+G27+H27+I27+N27+O27+P27 -> 0
E28: =F28+G28+H28+I28+N28+O28+P28 -> 0
A29: прочие поступления, всего | B29: 1980 | C29: Х | E29: =F29+G29+H29+I29+N29+O29+P29 -> 0
A30: из них: увеличение остатков денежных средств за счет возврата дебиторской задолженности прошлых лет | B30: 1981 | C30: 510 | E30: =F30+G30+H30+I30+N30+O30+P30 -> 0 | U30: Х
U31: Х
A32: Расходы, всего | B32: 2000 | C32: Х | E32: =+E33+E45+E52+E56+E60+E62+E76+E80 -> 52159942 | F32: =+F33+F45+F52+F56+F60+F62+F76+F80 -> 46421442 | G32: =+G33+G45+G52+G56+G60+G62+G76+G80 -> 917400 | H32: =+H33+H45+H52+H56+H60+H62+H76+H80 -> 0 | I32: =+I33+I45+I52+I56+I60+I62+I76+I80 -> 21100 | J32: =+J33+J45+J52+J56+J60+J62+J76+J80 -> 0 | K32: =+K33+K45+K52+K56+K60+K62+K76+K80 -> 0 | L32: =+L33+L45+L52+L56+L60+L62+L76+L80 -> 0 | ... T32: =+T33+T45+T52+T56+T60+T62+T76+T80 -> 0 | U32: Х
A33: в том числе: на выплаты персоналу, всего | B33: 2100 | C33: Х | E33: =E34+E35+E36+E37+E40+E41+E42 -> 45953177 | F33: =F34+F35+F36+F37+F40+F41+F42 -> 42723077 | G33: =G34+G35+G36+G37+G40+G41+G42 -> 0 | H33: =H34+H35+H36+H37+H40+H41+H42 -> 0 | I33: =I34+I35+I36+I37+I40+I41+I42 -> 21100 | J33: =J34+J35+J36+J37+J40+J41+J42 -> 0 | K33: =K34+K35+K36+K37+K40+K41+K42 -> 0 | L33: =L34+L35+L36+L37+L40+L41+L42 -> 0 | ... P33: =P34+P35+P36+P37+P40+P41+P42 -> 0 | Q33: =+Q34+Q37+Q40+Q41 -> 0 | R33: =+R34+R37+R40+R41 -> 0 | U33: Х
A34: в том числе: оплата труда | B34: 2110 | C34: 111 | E34: =SUM(F34:S34) -> 35291281 | F34: =32710406+100000 -> 32810406 | I34: 16205 | N34: 2464670 | U34: Х
A35: прочие выплаты персоналу, в том числе компенсационного характера | B35: 2120 | C35: 112 | E35: =SUM(F35:S35) -> 4200 | F35: 4200 | U35: Х
A36: иные выплаты, за исключением фонда оплаты труда учреждения, для выполнения отдельных полномочий | B36: 2130 | C36: 113 | E36: =SUM(F36:S36) -> 0 | U36: Х
A37: взносы по обязательному социальному страхованию на выплаты по оплате труда работников и иные выплаты работникам учреждений, всего | B37: 2140 | C37: 119 | E37: =+E38+E39 -> 10657696 | F37: =+F38+F39 -> 9908471 | G37: =+G38+G39 -> 0 | H37: =+H38+H39 -> 0 | I37: =+I38+I39 -> 4895 | J37: =+J38+J39 -> 0 | K37: =+K38+K39 -> 0 | L37: =+L38+L39 -> 0 | ... R37: =+R38+R39 -> 0 | U37: Х
A38: в том числе: на выплаты по оплате труда | B38: 2141 | C38: 119 | E38: =SUM(F38:S38) -> 10657696 | F38: 9908471 | I38: 4895 | N38: 744330 | U38: Х
A39: на иные выплаты работникам | B39: 2142 | C39: 119 | E39: =SUM(F39:S39) -> 0 | U39: Х
A40: денежное довольствие военнослужащих и сотрудников, имеющих специальные звания | B40: 2150 | C40: 131 | E40: =SUM(F40:S40) -> 0 | U40: Х
A41: иные выплаты военнослужащим и сотрудникам, имеющим специальные звания | B41: 2160 | C41: 134 | E41: =SUM(F41:S41) -> 0 | U41: Х
A42: страховые взносы на обязательное социальное страхование в части выплат персоналу, подлежащих обложению страховыми взносами | B42: 2170 | C42: 139 | E42: =SUM(F42:S42) -> 0 | U42: Х
A43: в том числе: на оплату труда стажеров | B43: 2171 | C43: 139 | E43: =SUM(F43:S43) -> 0 | U43: Х
A44: на иные выплаты гражданским лицам (денежное содержание) | B44: 2172 | C44: 139 | E44: =SUM(F44:S44) -> 0 | U44: Х
A45: социальные и иные выплаты населению, всего | B45: 2200 | C45: 300 | E45: =+E46+E47 -> 0 | F45: =F46+F49+F50+F51 -> 0 | G45: =G46+G49+G50+G51 -> 0 | H45: =H46+H49+H50+H51 -> 0 | I45: =I46+I49+I50+I51 -> 0 | J45: =J46+J49+J50+J51 -> 0 | K45: =K46+K49+K50+K51 -> 0 | L45: =L46+L49+L50+L51 -> 0 | M45: =M46+M49+M50+M51 -> 0 | ... P45: =P46+P49+P50+P51 -> 0 | U45: Х
A46: в том числе: социальные выплаты гражданам, кроме публичных нормативных социальных выплат | B46: 2210 | C46: 300 | E46: =SUM(F46:S46) -> 0 | U46: Х
A47: из них: пособия, компенсации и иные социальные выплаты гражданам, кроме публичных нормативных обязательств | B47: 2211 | C47: 321 | E47: =SUM(F47:S47) -> 0 | U47: Х
E48: =SUM(F48:S48) -> 0
A49: выплата стипендий, осуществление иных расходов на социальную поддержку обучающихся за счет средств стипендиального фонда | B49: 2220 | C49: 340 | E49: =SUM(F49:S49) -> 0 | U49: Х
A50: на премирование физических лиц за достижения в области культуры, искусства, образования, науки и техники, а также на предоставление грантов с целью поддержки проектов в области науки, культуры и искусства | B50: 2230 | C50: 350 | E50: =SUM(F50:S50) -> 0 | U50: Х
A51: социальное обеспечение детей-сирот и детей, оставшихся без попечения родителей | B51: 2240 | C51: 360 | E51: =SUM(F51:S51) -> 0 | U51: Х
A52: уплата налогов, сборов и иных платежей, всего | B52: 2300 | C52: 850 | E52: =+E53+E54+E55 -> 543100 | F52: =+F53+F54+F55 -> 523100 | G52: =+G53+G54+G55 -> 0 | H52: =+H53+H54+H55 -> 0 | I52: =+I53+I54+I55 -> 0 | J52: =+J53+J54+J55 -> 0 | K52: =+K53+K54+K55 -> 0 | L52: =+L53+L54+L55 -> 0 | ... R52: =+R53+R54+R55 -> 0 | U52: Х
A53: из них: налог на имущество организаций и земельный налог | B53: 2310 | C53: 851 | E53: =SUM(F53:S53) -> 533100 | F53: =20000+503100 -> 523100 | N53: 10000 | U53: Х
A54: иные налоги (включаемые в состав расходов) в бюджеты бюджетной системы Российской Федерации, а также государственная пошлина | B54: 2320 | C54: 852 | E54: =SUM(F54:S54) -> 0 | U54: Х
A55: уплата штрафов (в том числе административных), пеней, иных платежей | B55: 2330 | C55: 853 | E55: =SUM(F55:S55) -> 10000 | N55: 10000 | U55: Х
A56: безвозмездные перечисления организациям и физическим лицам, всего | B56: 2400 | C56: Х | E56: =+E57+E58+E59 -> 0 | F56: =+F58+F57+F59 -> 0 | G56: =+G58+G57+G59 -> 0 | H56: =+H58+H57+H59 -> 0 | I56: =+I58+I57+I59 -> 0 | J56: =+J58+J57+J59 -> 0 | K56: =+K58+K57+K59 -> 0 | L56: =+L58+L57+L59 -> 0 | M56: =+M58+M57+M59 -> 0 | ... R56: =+R58+R57+R59 -> 0 | U56: Х
A57: из них: гранты, предоставляемые другим организациям и физическим лицам | B57: 2410 | C57: 810 | E57: =SUM(F57:S57) -> 0 | U57: Х
A58: взносы в международные организации | B58: 2420 | C58: 862 | E58: =SUM(F58:S58) -> 0 | U58: Х
A59: платежи в целях обеспечения реализации соглашений с правительствами иностранных государств и международными организациями | B59: 2430 | C59: 863 | E59: =SUM(F59:S59) -> 0 | U59: Х
A60: прочие выплаты (кроме выплат на закупку товаров, работ, услуг) | B60: 2500 | C60: Х | E60: =+E61 -> 0 | F60: =+F61 -> 0 | G60: =+G61 -> 0 | H60: =+H61 -> 0 | I60: =+I61 -> 0 | J60: =+J61 -> 0 | K60: =+K61 -> 0 | L60: =+L61 -> 0 | ... R60: =+R61 -> 0 | U60: Х
A61: исполнение судебных актов Российской Федерации и мировых соглашений по возмещению вреда, причиненного в результате деятельности учреждения | B61: 2520 | C61: 831 | E61: =SUM(F61:S61) -> 0 | U61: Х
A62: расходы на закупку товаров, работ, услуг, всего | B62: 2600 | C62: Х | E62: =+E63+E64+E65+E66 -> 5663665 | F62: =+F63+F64+F65+F66 -> 3175265 | G62: =+G63+G64+G65+G66 -> 917400 | H62: =+H63+H64+H65+H66 -> 0 | I62: =+I63+I64+I65+I66 -> 0 | J62: =+J63+J64+J65+J66 -> 0 | K62: =+K63+K64+K65+K66 -> 0 | L62: =+L63+L64+L65+L66 -> 0 | ... R62: =+R63+R64+R65+R66 -> 0
A63: в том числе: закупку научно-исследовательских и опытно-конструкторских работ | B63: 2610 | C63: 241 | E63: =SUM(F63:S63) -> 0
A64: закупку товаров, работ, услуг в сфере информационно-коммуникационных технологий | B64: 2620 | C64: 242 | E64: =SUM(F64:S64) -> 0
A65: закупку товаров, работ, услуг в целях капитального ремонта государственного (муниципального) имущества | B65: 2630 | C65: 243 | E65: =SUM(F65:S65) -> 0
A66: прочую закупку товаров, работ и услуг, всего | B66: 2640 | C66: 244 | E66: =SUM(F66:S66) -> 5663665 | F66: =26716+60000+1901097+96212+135045+175391+750180+30624 -> 3175265 | G66: =92400+825000 -> 917400 | N66: =315000+290000+146000+590000+218000+12000-347460-269416 -> 954124 | O66: 269416 | P66: 347460
A67: в том числе: поступления нефинансовых активов | B67: 2641 | C67: 244 | E67: =SUM(F67:S67) -> 2518204 | F67: =+F69+F70+F71 -> 780804 | G67: =+G69+G70+G71 -> 917400 | H67: =+H69+H70+H71 -> 0 | I67: =+I69+I70+I71 -> 0 | J67: =+J69+J70+J71 -> 0 | K67: =+K69+K70+K71 -> 0 | L67: =+L69+L70+L71 -> 0 | M67: =+M69+M70+M71 -> 0 | ... R67: =+R69+R70+R71 -> 0
A68: из них: | E68: =SUM(F68:S68) -> 0
A69: увеличение стоимости основных средств | B69: 2642 | C69: 244 | E69: =SUM(F69:S69) -> 1340180 | F69: 750180 | N69: 590000
A70: увеличение стоимости нематериальных активов | B70: 2643 | C70: 244 | E70: =SUM(F70:S70) -> 0
A71: увеличение стоимости материальных запасов | B71: 2644 | C71: 244 | E71: =SUM(F71:S71) -> 1178024 | F71: 30624 | G71: =92400+825000 -> 917400 | N71: =12000+218000 -> 230000
A72: в том числе питание | E72: =SUM(F72:S72) -> 917400 | G72: =92400+825000 -> 917400
A73: капитальные вложения в объекты государственной (муниципальной) собственности, всего | B73: 2650 | C73: 400 | E73: =SUM(F73:S73) -> 0
A74: в том числе: приобретение объектов недвижимого имущества государственными (муниципальными) учреждениями | B74: 2651 | C74: 406 | E74: =SUM(F74:S74) -> 0
A75: строительство (реконструкция) объектов недвижимого имущества государственными (муниципальными) учреждениями | B75: 2652 | C75: 407 | E75: =SUM(F75:S75) -> 0
A76: Выплаты, уменьшающие доход, всего | B76: 3000 | C76: 100 | E76: =SUM(F76:S76) -> 0 | U76: Х
A77: в том числе: налог на прибыль | B77: 3010 | E77: =SUM(F77:S77) -> 0 | U77: Х
A78: налог на добавленную стоимость | B78: 3020 | E78: =SUM(F78:S78) -> 0 | U78: Х
A79: прочие налоги, уменьшающие доход | B79: 3030 | E79: =SUM(F79:S79) -> 0 | U79: Х
A80: Прочие выплаты, всего | B80: 4000 | C80: Х | U80: Х
A81: из них: возврат в бюджет средств субсидии | B81: 4010 | C81: 610 | E81: =SUM(F81:S81) -> 0 | U81: Х

Sheet Разд.1.2
A1: Раздел 1.1. Поступления и выплаты на 2021 год текущий финансовый год, руб. (с точностью до двух знаков после запятой-0,00)
A2: Наименование показателя | B2: Код строки | C2: Код по бюджетной классификации Российской Федерации | D2: Аналический код | E2: Всего | F2: субсидии на финансовое обеспечение выполнения государственного (муниципального) задания | G2: *субсидии, предоставляемые в соответствии с абзацем вторым пункта 1 статьи 78.1 Бюджетного кодекса | L2: **субсидии на осуществление капитальных вложений | M2: ***поступления от оказания услуг (выполнения работ) на платной основе и от иной приносящей доход деятельности | V2: субсидии на финансовое обеспечение выполнения государственного (муниципального) задания | W2: субсидии на финансовое обеспечение выполнения государственного задания из бюджета Федерального фонда обязательного медицинского страхования | X2: *субсидии, предоставляемые в соответствии с абзацем вторым пункта 1 статьи 78.1 Бюджетного кодекса | AC2: **субсидии на осуществление капитальных вложений | AD2: средства обязательного медицинского страхования | AE2: ***поступления от оказания ууслуг (выполнения работ)на платной основе и от иной приносящей доход деятельности
G3: Муниципальная программа "Развитие образования в муниципальном образовании "Город Саратов" на 2017-2020 годы. Подпрограмма "Развитие системы общего образования". Основное мероприятие "Предоставление питания отдельным категориям обучающихся в муниципальных образовательных организациях, реализующих образовательные программы начального общего, основного общего и среднего общего образования" | H3: Муниципальная программа "Развитие образования в муниципальном образовании "Город Саратов" на 2017-2020 годы. Подпрограмма "Развитие системы общего образования". Основное мероприятие "Совершенствование материально-технической базы и инфраструктуры муниципальных общеобразовательных учреждений" | I3: Муниципальная программа "Участие в организации временного трудоустройства несовершеннолетних в возрасте от 14 до 18 лет в свободное от учебы время" на 2019-2021 годы. Подпрограмма "Организация и стимулирование интеграции несовершеннолетних в возрасте от 14 до 18 лет в трудовую деятельность". Основное мероприятие "Трудоустройство несовершеннолетних в свободное от учебы время в муниципальных учреждениях". | M3: родительская плата за присмотр и уход за ребенком, освающим образовательные программы дошкольного образования | N3: доходы от оказания платных услуг*** | O3: доходы поступающие в порядке возмещения расходов, понесенных в связи с эксплуатацией имущества | P3: поступления от иной приносящей доход деятельности | Q3: поступления в рамках благотворительной деятельности, пожертвования | S3: гранты | T3: на 20___г. второй год планового периода | U3: за пределами планового периода | X3: Расходы на присмотр и уход за детьми дошкольного возраста в муниципальных образовательных организациях, реализующих основную общеобразовательную программу дошкольного образования | Y3: Погашение кредиторской задолженности прошлых лет по расходам на выполнение муниципальных заданий муниципальными бюджетными и автономными учреждениями | AE3: родительская плата за присмотр и уход за ребенком, осваивающим образовательные программы дошкольного образования в муниципальных образовательных организациях, осуществляющих образовательную деятельность по реализации образовательных программ дошкольного образования | AF3: доходы от оказания платных услуг*** | AG3: доходы по условным арендным платежам | AH3: доходы от операционной аренды | AI3: доходы от штрафных санкций за нарушение законодательства о закупках и нарушение условий контрактов (договоров) | AL3: иные доходы, невыясненные поступления | AM3: доходы, поступающие от выбытия материальных активов | AN3: гранты
A4: 1 | B4: 2 | C4: 3 | D4: 4 | E4: 5 | F4: 6 | G4: 7 | H4: 8 | I4: 9 | N4: 10 | O4: 11 | P4: 12 | Q4: 14 | R4: 15 | S4: 16 | T4: 7 | U4: 8
A5: Остаток средств на начало текущего финансового года | B5: 0001 | C5: Х | D5: Х | E5: =SUM(F5:S5) -> 0
A6: Остаток средств на конец текущего финансового года | B6: 0002 | C6: Х | D6: Х | E6: =+E5+E7-E32 -> 0 | F6: =+F5+F7-F32 -> 0 | G6: =+G5+G7-G32 -> 0 | H6: =+H5+H7-H32 -> 0 | I6: =+I5+I7-I32 -> 0 | J6: =+J5+J7-J32 -> 0 | K6: =+K5+K7-K32 -> 0 | L6: =+L5+L7-L32 -> 0 | ... T6: =+T5+T7-T32 -> 0
A7: Доходы, всего: | B7: 1000 | E7: =+E8+E10+E14+E17+E19+E26 -> 60689734 | F7: =+F8+F10+F14+F17+F19+F26 -> 54051234 | G7: =+G8+G10+G14+G17+G19+G26 -> 917400 | H7: =+H8+H10+H14+H17+H19+H26 -> 900000 | I7: =+I8+I10+I14+I17+I19+I26 -> 21100 | J7: =+J8+J10+J14+J17+J19+J26 -> 0 | K7: =+K8+K10+K14+K17+K19+K26 -> 0 | L7: =+L8+L10+L14+L17+L19+L26 -> 0 | ... P7: =+P8+P10+P14+P17+P19+P26 -> 347460 | Q7: =+Q8+Q10+Q14+Q17+Q18+Q26 -> 0 | R7: =+R8+R10+R14+R17+R18+R26 -> 0 | S7: =+S8+S10+S14+S17+S18+S26 -> 0 | T7: =+T8+T10+T14+T17+T18+T26 -> 0 | U7: =+U8+U10+U14+U17+U18+U26 -> 0
A8: в том числе: доходы от собстенности, всего | B8: 1100 | C8: 120 | E8: =F8+G8+H8+I8+N8+O8+P8 -> 347460 | P8: 347460
A9: в том числе: | B9: 1110
A10: доходы от оказания услуг, работ, компенсаций затрат учреждений, всего | B10: 1200 | C10: 130 | E10: =+E11+E12+E13 -> 58503774 | F10: =+F11+F12+F13 -> 54051234 | G10: =+G11+G12+G13 -> 0 | H10: =+H11+H12+H13 -> 0 | I10: =+I11+I12+I13 -> 0 | J10: =+J11+J12+J13 -> 0 | K10: =+K11+K12+K13 -> 0 | L10: =+L11+L12+L13 -> 0 | ... P10: =+P11+P12+P13 -> 0 | Q10: =+Q11+Q12 -> 0 | R10: =+R11+R12 -> 0 | S10: =+S11+S12 -> 0 | T10: =+T11+T12 -> 0 | U10: =+U11+U12 -> 0
A11: в том числе: субсидии на финансовое обеспечение выполнения государственного (муниципального) задания за счет средств бюджета публично-правового образования, создавшего учреждение | B11: 1210 | C11: 130 | E11: =F11+G11+H11+I11+N11+O11+P11 -> 54051234 | F11: 54051234
A12: субсидии на финансовое обеспечение выполнения государственного задания за счет средств бюджета Федерального фонда обязательного медицинского страхования | B12: 1220 | C12: 130 | E12: =F12+G12+H12+I12+N12+O12+P12 -> 0
A13: поступления от оказания услуг (выполнения работ) на платной основе | B13: 1230 | C13: 130 | E13: =F13+G13+H13+I13+N13+O13+P13 -> 4452540 | N13: 4183124 | O13: 269416
A14: доходы от штрафов, пеней, иных сумм принудительного изъятия, всего | B14: 1300 | C14: 140 | E14: =+E15+E16 -> 0 | F14: =+F15+F16 -> 0 | G14: =+G15+G16 -> 0 | H14: =+H15+H16 -> 0 | I14: =+I15+I16 -> 0 | J14: =+J15+J16 -> 0 | K14: =+K15+K16 -> 0 | L14: =+L15+L16 -> 0 | ... U14: =+U15+U16 -> 0
A15: в том числе: | B15: 1310 | C15: 140
A17: безвозмездные денежные поступления, всего | B17: 1400 | C17: 150
A18: в том числе:
A19: прочие доходы, всего: | B19: 1500 | C19: 180 | E19: =+E20+E24+E25 -> 1838500 | F19: =+F20+F24+F25 -> 0 | G19: =+G20+G24+G25 -> 917400 | H19: =+H20+H24+H25 -> 900000 | I19: =+I20+I24+I25 -> 21100 | J19: =+J20+J24+J25 -> 0 | K19: =+K20+K24+K25 -> 0 | L19: =+L20+L24+L25 -> 0 | ... R19: =+R20+R24+R25 -> 0 | S19: =+S20+S24 -> 0 | T19: =+T20+T24 -> 0 | U19: =+U20+U24 -> 0
A20: в том числе: целевые субсидии, всего | B20: 1510 | C20: 180 | E20: =+E21+E22+E23 -> 1838500 | F20: =+F21+F22+F23 -> 0 | G20: =+G21+G22+G23 -> 917400 | H20: =+H21+H22+H23 -> 900000 | I20: =+I21+I22+I23 -> 21100 | J20: =+J21+J22+J23 -> 0 | K20: =+K21+K22+K23 -> 0 | L20: =+L21+L22+L23 -> 0 | ... U20: =+U21+U22+U23 -> 0
A21: Предоставление питания отдельным категориям обучающихся в муниципальных образовательных учреждениях, реализующих образовательные программы начального общего, основного общего и среднего общего образования | B21: 1511 | C21: 180 | E21: =F21+G21+H21+I21+N21+O21+P21 -> 917400 | G21: =92400+825000 -> 917400
A22: Трудоустройство несовершеннолетних в свободное от учебы время в муниципальные учреждения | B22: 1512 | C22: 180 | E22: =F22+G22+H22+I22+N22+O22+P22 -> 21100 | I22: 21100
A23: Внедрение целевой модели цифровой образовательной среды в общеобразовательных организациях и профессиональных образовательных организациях | B23: 1513 | C23: 180 | E23: =F23+G23+H23+I23+N23+O23+P23 -> 900000 | H23: 900000
A24: субсидии на осуществление капитальных вложений | B24: 1520 | C24: 180 | E24: =F24+G24+H24+I24+N24+O24+P24 -> 0
A25: от иной приносящей доход деятельности | B25: 1530 | C25: 180 | E25: =F25+G25+H25+I25+N25+O25+P25 -> 0
A26: доходы от операций с активами, всего | B26: 1900 | E26: =+E27+E28 -> 0
A27: в том числе: | E27: =F27+G27+H27+I27+N27+O27+P27 -> 0
E28: =F28+G28+H28+I28+N28+O28+P28 -> 0
A29: прочие поступления, всего | B29: 1980 | C29: Х | E29: =F29+G29+H29+I29+N29+O29+P29 -> 0
A30: из них: увеличение остатков денежных средств за счет возврата дебиторской задолженности прошлых лет | B30: 1981 | C30: 510 | E30: =F30+G30+H30+I30+N30+O30+P30 -> 0 | U30: Х
U31: Х
A32: Расходы, всего | B32: 2000 | C32: Х | E32: =+E33+E45+E52+E56+E60+E62+E76+E80 -> 60689734 | F32: =+F33+F45+F52+F56+F60+F62+F76+F80 -> 54051234 | G32: =+G33+G45+G52+G56+G60+G62+G76+G80 -> 917400 | H32: =+H33+H45+H52+H56+H60+H62+H76+H80 -> 900000 | I32: =+I33+I45+I52+I56+I60+I62+I76+I80 -> 21100 | J32: =+J33+J45+J52+J56+J60+J62+J76+J80 -> 0 | K32: =+K33+K45+K52+K56+K60+K62+K76+K80 -> 0 | L32: =+L33+L45+L52+L56+L60+L62+L76+L80 -> 0 | ... T32: =+T33+T45+T52+T56+T60+T62+T76+T80 -> 0 | U32: Х
A33: в том числе: на выплаты персоналу, всего | B33: 2100 | C33: Х | E33: =E34+E35+E36+E37+E40+E41+E42 -> 53430358 | F33: =F34+F35+F36+F37+F40+F41+F42 -> 50200258 | G33: =G34+G35+G36+G37+G40+G41+G42 -> 0 | H33: =H34+H35+H36+H37+H40+H41+H42 -> 0 | I33: =I34+I35+I36+I37+I40+I41+I42 -> 21100 | J33: =J34+J35+J36+J37+J40+J41+J42 -> 0 | K33: =K34+K35+K36+K37+K40+K41+K42 -> 0 | L33: =L34+L35+L36+L37+L40+L41+L42 -> 0 | ... P33: =P34+P35+P36+P37+P40+P41+P42 -> 0 | Q33: =+Q34+Q37+Q40+Q41 -> 0 | R33: =+R34+R37+R40+R41 -> 0 | U33: Х
A34: в том числе: оплата труда | B34: 2110 | C34: 111 | E34: =SUM(F34:S34) -> 41057110 | F34: =38476235+100000 -> 38576235 | I34: 16205 | N34: 2464670 | U34: Х
A35: прочие выплаты персоналу, в том числе компенсационного характера | B35: 2120 | C35: 112 | E35: =SUM(F35:S35) -> 4200 | F35: 4200 | U35: Х
A36: иные выплаты, за исключением фонда оплаты труда учреждения, для выполнения отдельных полномочий | B36: 2130 | C36: 113 | E36: =SUM(F36:S36) -> 0 | U36: Х
A37: взносы по обязательному социальному страхованию на выплаты по оплате труда работников и иные выплаты работникам учреждений, всего | B37: 2140 | C37: 119 | E37: =+E38+E39 -> 12369048 | F37: =+F38+F39 -> 11619823 | G37: =+G38+G39 -> 0 | H37: =+H38+H39 -> 0 | I37: =+I38+I39 -> 4895 | J37: =+J38+J39 -> 0 | K37: =+K38+K39 -> 0 | L37: =+L38+L39 -> 0 | ... R37: =+R38+R39 -> 0 | U37: Х
A38: в том числе: на выплаты по оплате труда | B38: 2141 | C38: 119 | E38: =SUM(F38:S38) -> 12369048 | F38: 11619823 | I38: 4895 | N38: 744330 | U38: Х
A39: на иные выплаты работникам | B39: 2142 | C39: 119 | E39: =SUM(F39:S39) -> 0 | U39: Х
A40: денежное довольствие военнослужащих и сотрудников, имеющих специальные звания | B40: 2150 | C40: 131 | E40: =SUM(F40:S40) -> 0 | U40: Х
A41: иные выплаты военнослужащим и сотрудникам, имеющим специальные звания | B41: 2160 | C41: 134 | E41: =SUM(F41:S41) -> 0 | U41: Х
A42: страховые взносы на обязательное социальное страхование в части выплат персоналу, подлежащих обложению страховыми взносами | B42: 2170 | C42: 139 | E42: =SUM(F42:S42) -> 0 | U42: Х
A43: в том числе: на оплату труда стажеров | B43: 2171 | C43: 139 | E43: =SUM(F43:S43) -> 0 | U43: Х
A44: на иные выплаты гражданским лицам (денежное содержание) | B44: 2172 | C44: 139 | E44: =SUM(F44:S44) -> 0 | U44: Х
A45: социальные и иные выплаты населению, всего | B45: 2200 | C45: 300 | E45: =+E46+E47 -> 0 | F45: =F46+F49+F50+F51 -> 0 | G45: =G46+G49+G50+G51 -> 0 | H45: =H46+H49+H50+H51 -> 0 | I45: =I46+I49+I50+I51 -> 0 | J45: =J46+J49+J50+J51 -> 0 | K45: =K46+K49+K50+K51 -> 0 | L45: =L46+L49+L50+L51 -> 0 | M45: =M46+M49+M50+M51 -> 0 | ... P45: =P46+P49+P50+P51 -> 0 | U45: Х
A46: в том числе: социальные выплаты гражданам, кроме публичных нормативных социальных выплат | B46: 2210 | C46: 300 | E46: =SUM(F46:S46) -> 0 | U46: Х
A47: из них: пособия, компенсации и иные социальные выплаты гражданам, кроме публичных нормативных обязательств | B47: 2211 | C47: 321 | E47: =SUM(F47:S47) -> 0 | U47: Х
E48: =SUM(F48:S48) -> 0
A49: выплата стипендий, осуществление иных расходов на социальную поддержку обучающихся за счет средств стипендиального фонда | B49: 2220 | C49: 340 | E49: =SUM(F49:S49) -> 0 | U49: Х
A50: на премирование физических лиц за достижения в области культуры, искусства, образования, науки и техники, а также на предоставление грантов с целью поддержки проектов в области науки, культуры и искусства | B50: 2230 | C50: 350 | E50: =SUM(F50:S50) -> 0 | U50: Х
A51: социальное обеспечение детей-сирот и детей, оставшихся без попечения родителей | B51: 2240 | C51: 360 | E51: =SUM(F51:S51) -> 0 | U51: Х
A52: уплата налогов, сборов и иных платежей, всего | B52: 2300 | C52: 850 | E52: =+E53+E54+E55 -> 543100 | F52: =+F53+F54+F55 -> 523100 | G52: =+G53+G54+G55 -> 0 | H52: =+H53+H54+H55 -> 0 | I52: =+I53+I54+I55 -> 0 | J52: =+J53+J54+J55 -> 0 | K52: =+K53+K54+K55 -> 0 | L52: =+L53+L54+L55 -> 0 | ... R52: =+R53+R54+R55 -> 0 | U52: Х
A53: из них: налог на имущество организаций и земельный налог | B53: 2310 | C53: 851 | E53: =SUM(F53:S53) -> 533100 | F53: =20000+503100 -> 523100 | N53: 10000 | U53: Х
A54: иные налоги (включаемые в состав расходов) в бюджеты бюджетной системы Российской Федерации, а также государственная пошлина | B54: 2320 | C54: 852 | E54: =SUM(F54:S54) -> 0 | U54: Х
A55: уплата штрафов (в том числе административных), пеней, иных платежей | B55: 2330 | C55: 853 | E55: =SUM(F55:S55) -> 10000 | N55: 10000 | U55: Х
A56: безвозмездные перечисления организациям и физическим лицам, всего | B56: 2400 | C56: Х | E56: =+E57+E58+E59 -> 0 | F56: =+F58+F57+F59 -> 0 | G56: =+G58+G57+G59 -> 0 | H56: =+H58+H57+H59 -> 0 | I56: =+I58+I57+I59 -> 0 | J56: =+J58+J57+J59 -> 0 | K56: =+K58+K57+K59 -> 0 | L56: =+L58+L57+L59 -> 0 | M56: =+M58+M57+M59 -> 0 | ... R56: =+R58+R57+R59 -> 0 | U56: Х
A57: из них: гранты, предоставляемые другим организациям и физическим лицам | B57: 2410 | C57: 810 | E57: =SUM(F57:S57) -> 0 | U57: Х
A58: взносы в международные организации | B58: 2420 | C58: 862 | E58: =SUM(F58:S58) -> 0 | U58: Х
A59: платежи в целях обеспечения реализации соглашений с правительствами иностранных государств и международными организациями | B59: 2430 | C59: 863 | E59: =SUM(F59:S59) -> 0 | U59: Х
A60: прочие выплаты (кроме выплат на закупку товаров, работ, услуг) | B60: 2500 | C60: Х | E60: =+E61 -> 0 | F60: =+F61 -> 0 | G60: =+G61 -> 0 | H60: =+H61 -> 0 | I60: =+I61 -> 0 | J60: =+J61 -> 0 | K60: =+K61 -> 0 | L60: =+L61 -> 0 | ... R60: =+R61 -> 0 | U60: Х
A61: исполнение судебных актов Российской Федерации и мировых соглашений по возмещению вреда, причиненного в результате деятельности учреждения | B61: 2520 | C61: 831 | E61: =SUM(F61:S61) -> 0 | U61: Х
A62: расходы на закупку товаров, работ, услуг, всего | B62: 2600 | C62: Х | E62: =+E63+E64+E65+E66 -> 6716276 | F62: =+F63+F64+F65+F66 -> 3327876 | G62: =+G63+G64+G65+G66 -> 917400 | H62: =+H63+H64+H65+H66 -> 900000 | I62: =+I63+I64+I65+I66 -> 0 | J62: =+J63+J64+J65+J66 -> 0 | K62: =+K63+K64+K65+K66 -> 0 | L62: =+L63+L64+L65+L66 -> 0 | ... R62: =+R63+R64+R65+R66 -> 0
A63: в том числе: закупку научно-исследовательских и опытно-конструкторских работ | B63: 2610 | C63: 241 | E63: =SUM(F63:S63) -> 0
A64: закупку товаров, работ, услуг в сфере информационно-коммуникационных технологий | B64: 2620 | C64: 242 | E64: =SUM(F64:S64) -> 0
A65: закупку товаров, работ, услуг в целях капитального ремонта государственного (муниципального) имущества | B65: 2630 | C65: 243 | E65: =SUM(F65:S65) -> 0
A66: прочую закупку товаров, работ и услуг, всего | B66: 2640 | C66: 244 | E66: =SUM(F66:S66) -> 6716276 | F66: =28386+2020494+102225+143485+60000+185915+32461+754910 -> 3327876 | G66: =92400+825000 -> 917400 | H66: 900000 | N66: =315000+290000+146000+590000+218000+12000-347460-269416 -> 954124 | O66: 269416 | P66: 347460
A67: в том числе: поступления нефинансовых активов | B67: 2641 | C67: 244 | E67: =SUM(F67:S67) -> 2524771 | F67: =+F69+F70+F71 -> 787371 | G67: =+G69+G70+G71 -> 917400 | H67: =+H69+H70+H71 -> 0 | I67: =+I69+I70+I71 -> 0 | J67: =+J69+J70+J71 -> 0 | K67: =+K69+K70+K71 -> 0 | L67: =+L69+L70+L71 -> 0 | M67: =+M69+M70+M71 -> 0 | ... R67: =+R69+R70+R71 -> 0
A68: из них: | E68: =SUM(F68:S68) -> 0
A69: увеличение стоимости основных средств | B69: 2642 | C69: 244 | E69: =SUM(F69:S69) -> 1344910 | F69: 754910 | N69: 590000
A70: увеличение стоимости нематериальных активов | B70: 2643 | C70: 244 | E70: =SUM(F70:S70) -> 0
A71: увеличение стоимости материальных запасов | B71: 2644 | C71: 244 | E71: =SUM(F71:S71) -> 1179861 | F71: 32461 | G71: =92400+825000 -> 917400 | N71: =12000+218000 -> 230000
A72: в том числе питание | E72: =SUM(F72:S72) -> 917400 | G72: =92400+825000 -> 917400
A73: капитальные вложения в объекты государственной (муниципальной) собственности, всего | B73: 2650 | C73: 400 | E73: =SUM(F73:S73) -> 0
A74: в том числе: приобретение объектов недвижимого имущества государственными (муниципальными) учреждениями | B74: 2651 | C74: 406 | E74: =SUM(F74:S74) -> 0
A75: строительство (реконструкция) объектов недвижимого имущества государственными (муниципальными) учреждениями | B75: 2652 | C75: 407 | E75: =SUM(F75:S75) -> 0
A76: Выплаты, уменьшающие доход, всего | B76: 3000 | C76: 100 | E76: =SUM(F76:S76) -> 0 | U76: Х
A77: в том числе: налог на прибыль | B77: 3010 | E77: =SUM(F77:S77) -> 0 | U77: Х
A78: налог на добавленную стоимость | B78: 3020 | E78: =SUM(F78:S78) -> 0 | U78: Х
A79: прочие налоги, уменьшающие доход | B79: 3030 | E79: =SUM(F79:S79) -> 0 | U79: Х
A80: Прочие выплаты, всего | B80: 4000 | C80: Х | U80: Х
A81: из них: возврат в бюджет средств субсидии | B81: 4010 | C81: 610 | E81: =SUM(F81:S81) -> 0 | U81: Х

Sheet Разд.1.3
A1: Раздел 1.1. Поступления и выплаты на 2022 год текущий финансовый год, руб. (с точностью до двух знаков после запятой-0,00)
A2: Наименование показателя | B2: Код строки | C2: Код по бюджетной классификации Российской Федерации | D2: Аналический код | E2: Всего | F2: субсидии на финансовое обеспечение выполнения государственного (муниципального) задания | G2: *субсидии, предоставляемые в соответствии с абзацем вторым пункта 1 статьи 78.1 Бюджетного кодекса | L2: **субсидии на осуществление капитальных вложений | M2: ***поступления от оказания услуг (выполнения работ) на платной основе и от иной приносящей доход деятельности | V2: субсидии на финансовое обеспечение выполнения государственного (муниципального) задания | W2: субсидии на финансовое обеспечение выполнения государственного задания из бюджета Федерального фонда обязательного медицинского страхования | X2: *субсидии, предоставляемые в соответствии с абзацем вторым пункта 1 статьи 78.1 Бюджетного кодекса | AC2: **субсидии на осуществление капитальных вложений | AD2: средства обязательного медицинского страхования | AE2: ***поступления от оказания ууслуг (выполнения работ)на платной основе и от иной приносящей доход деятельности
G3: Муниципальная программа "Развитие образования в муниципальном образовании "Город Саратов" на 2017-2020 годы. Подпрограмма "Развитие системы общего образования". Основное мероприятие "Предоставление питания отдельным категориям обучающихся в муниципальных образовательных организациях, реализующих образовательные программы начального общего, основного общего и среднего общего образования" | H3: Муниципальная программа "Развитие образования в муниципальном образовании "Город Саратов" на 2017-2020 годы. Подпрограмма "Развитие системы общего образования". Основное мероприятие "Совершенствование материально-технической базы и инфраструктуры муниципальных общеобразовательных учреждений" | I3: Муниципальная программа "Участие в организации временного трудоустройства несовершеннолетних в возрасте от 14 до 18 лет в свободное от учебы время" на 2019-2021 годы. Подпрограмма "Организация и стимулирование интеграции несовершеннолетних в возрасте от 14 до 18 лет в трудовую деятельность". Основное мероприятие "Трудоустройство несовершеннолетних в свободное от учебы время в муниципальных учреждениях". | M3: родительская плата за присмотр и уход за ребенком, освающим образовательные программы дошкольного образования | N3: доходы от оказания платных услуг*** | O3: доходы поступающие в порядке возмещения расходов, понесенных в связи с эксплуатацией имущества | P3: поступления от иной приносящей доход деятельности | Q3: поступления в рамках благотворительной деятельности, пожертвования | S3: гранты | T3: на 20___г. второй год планового периода | U3: за пределами планового периода | X3: Расходы на присмотр и уход за детьми дошкольного возраста в муниципальных образовательных организациях, реализующих основную общеобразовательную программу дошкольного образования | Y3: Погашение кредиторской задолженности прошлых лет по расходам на выполнение муниципальных заданий муниципальными бюджетными и автономными учреждениями | AE3: родительская плата за присмотр и уход за ребенком, осваивающим образовательные программы дошкольного образования в муниципальных образовательных организациях, осуществляющих образовательную деятельность по реализации образовательных программ дошкольного образования | AF3: доходы от оказания платных услуг*** | AG3: доходы по условным арендным платежам | AH3: доходы от операционной аренды | AI3: доходы от штрафных санкций за нарушение законодательства о закупках и нарушение условий контрактов (договоров) | AL3: иные доходы, невыясненные поступления | AM3: доходы, поступающие от выбытия материальных активов | AN3: гранты
A4: 1 | B4: 2 | C4: 3 | D4: 4 | E4: 5 | F4: 6 | G4: 7 | H4: 8 | I4: 9 | N4: 10 | O4: 11 | P4: 12 | Q4: 14 | R4: 15 | S4: 16 | T4: 7 | U4: 8
A5: Остаток средств на начало текущего финансового года | B5: 0001 | C5: Х | D5: Х | E5: =SUM(F5:S5) -> 0
A6: Остаток средств на конец текущего финансового года | B6: 0002 | C6: Х | D6: Х | E6: =+E5+E7-E32 -> 0 | F6: =+F5+F7-F32 -> 0 | G6: =+G5+G7-G32 -> 0 | H6: =+H5+H7-H32 -> 0 | I6: =+I5+I7-I32 -> 0 | J6: =+J5+J7-J32 -> 0 | K6: =+K5+K7-K32 -> 0 | L6: =+L5+L7-L32 -> 0 | ... T6: =+T5+T7-T32 -> 0
A7: Доходы, всего: | B7: 1000 | E7: =+E8+E10+E14+E17+E19+E26 -> 63876433 | F7: =+F8+F10+F14+F17+F19+F26 -> 58137933 | G7: =+G8+G10+G14+G17+G19+G26 -> 917400 | H7: =+H8+H10+H14+H17+H19+H26 -> 0 | I7: =+I8+I10+I14+I17+I19+I26 -> 21100 | J7: =+J8+J10+J14+J17+J19+J26 -> 0 | K7: =+K8+K10+K14+K17+K19+K26 -> 0 | L7: =+L8+L10+L14+L17+L19+L26 -> 0 | ... P7: =+P8+P10+P14+P17+P19+P26 -> 347460 | Q7: =+Q8+Q10+Q14+Q17+Q18+Q26 -> 0 | R7: =+R8+R10+R14+R17+R18+R26 -> 0 | S7: =+S8+S10+S14+S17+S18+S26 -> 0 | T7: =+T8+T10+T14+T17+T18+T26 -> 0 | U7: =+U8+U10+U14+U17+U18+U26 -> 0
A8: в том числе: доходы от собстенности, всего | B8: 1100 | C8: 120 | E8: =F8+G8+H8+I8+N8+O8+P8 -> 347460 | P8: 347460
A9: в том числе: | B9: 1110
A10: доходы от оказания услуг, работ, компенсаций затрат учреждений, всего | B10: 1200 | C10: 130 | E10: =+E11+E12+E13 -> 62590473 | F10: =+F11+F12+F13 -> 58137933 | G10: =+G11+G12+G13 -> 0 | H10: =+H11+H12+H13 -> 0 | I10: =+I11+I12+I13 -> 0 | J10: =+J11+J12+J13 -> 0 | K10: =+K11+K12+K13 -> 0 | L10: =+L11+L12+L13 -> 0 | ... P10: =+P11+P12+P13 -> 0 | Q10: =+Q11+Q12 -> 0 | R10: =+R11+R12 -> 0 | S10: =+S11+S12 -> 0 | T10: =+T11+T12 -> 0 | U10: =+U11+U12 -> 0
A11: в том числе: субсидии на финансовое обеспечение выполнения государственного (муниципального) задания за счет средств бюджета публично-правового образования, создавшего учреждение | B11: 1210 | C11: 130 | E11: =F11+G11+H11+I11+N11+O11+P11 -> 58137933 | F11: =2914425+55223508 -> 58137933
A12: субсидии на финансовое обеспечение выполнения государственного задания за счет средств бюджета Федерального фонда обязательного медицинского страхования | B12: 1220 | C12: 130 | E12: =F12+G12+H12+I12+N12+O12+P12 -> 0
A13: поступления от оказания услуг (выполнения работ) на платной основе | B13: 1230 | C13: 130 | E13: =F13+G13+H13+I13+N13+O13+P13 -> 4452540 | N13: 4183124 | O13: 269416
A14: доходы от штрафов, пеней, иных сумм принудительного изъятия, всего | B14: 1300 | C14: 140 | E14: =+E15+E16 -> 0 | F14: =+F15+F16 -> 0 | G14: =+G15+G16 -> 0 | H14: =+H15+H16 -> 0 | I14: =+I15+I16 -> 0 | J14: =+J15+J16 -> 0 | K14: =+K15+K16 -> 0 | L14: =+L15+L16 -> 0 | ... U14: =+U15+U16 -> 0
A15: в том числе: | B15: 1310 | C15: 140
A17: безвозмездные денежные поступления, всего | B17: 1400 | C17: 150
A18: в том числе:
A19: прочие доходы, всего: | B19: 1500 | C19: 180 | E19: =+E20+E24+E25 -> 938500 | F19: =+F20+F24+F25 -> 0 | G19: =+G20+G24+G25 -> 917400 | H19: =+H20+H24+H25 -> 0 | I19: =+I20+I24+I25 -> 21100 | J19: =+J20+J24+J25 -> 0 | K19: =+K20+K24+K25 -> 0 | L19: =+L20+L24+L25 -> 0 | ... R19: =+R20+R24+R25 -> 0 | S19: =+S20+S24 -> 0 | T19: =+T20+T24 -> 0 | U19: =+U20+U24 -> 0
A20: в том числе: целевые субсидии, всего | B20: 1510 | C20: 180 | E20: =+E21+E22+E23 -> 938500 | F20: =+F21+F22+F23 -> 0 | G20: =+G21+G22+G23 -> 917400 | H20: =+H21+H22+H23 -> 0 | I20: =+I21+I22+I23 -> 21100 | J20: =+J21+J22+J23 -> 0 | K20: =+K21+K22+K23 -> 0 | L20: =+L21+L22+L23 -> 0 | ... U20: =+U21+U22+U23 -> 0
A21: Предоставление питания отдельным категориям обучающихся в муниципальных образовательных учреждениях, реализующих образовательные программы начального общего, основного общего и среднего общего образования | B21: 1511 | C21: 180 | E21: =F21+G21+H21+I21+N21+O21+P21 -> 917400 | G21: =92400+825000 -> 917400
A22: Трудоустройство несовершеннолетних в свободное от учебы время в муниципальные учреждения | B22: 1512 | C22: 180 | E22: =F22+G22+H22+I22+N22+O22+P22 -> 21100 | I22: 21100
A23: Внедрение целевой модели цифровой образовательной среды в общеобразовательных организациях и профессиональных образовательных организациях | B23: 1513 | C23: 180 | E23: =F23+G23+H23+I23+N23+O23+P23 -> 0
A24: субсидии на осуществление капитальных вложений | B24: 1520 | C24: 180 | E24: =F24+G24+H24+I24+N24+O24+P24 -> 0
A25: от иной приносящей доход деятельности | B25: 1530 | C25: 180 | E25: =F25+G25+H25+I25+N25+O25+P25 -> 0
A26: доходы от операций с активами, всего | B26: 1900 | E26: =+E27+E28 -> 0
A27: в том числе: | E27: =F27+G27+H27+I27+N27+O27+P27 -> 0
E28: =F28+G28+H28+I28+N28+O28+P28 -> 0
A29: прочие поступления, всего | B29: 1980 | C29: Х | E29: =F29+G29+H29+I29+N29+O29+P29 -> 0
A30: из них: увеличение остатков денежных средств за счет возврата дебиторской задолженности прошлых лет | B30: 1981 | C30: 510 | E30: =F30+G30+H30+I30+N30+O30+P30 -> 0 | U30: Х
U31: Х
A32: Расходы, всего | B32: 2000 | C32: Х | E32: =+E33+E45+E52+E56+E60+E62+E76+E80 -> 63876433 | F32: =+F33+F45+F52+F56+F60+F62+F76+F80 -> 58137933 | G32: =+G33+G45+G52+G56+G60+G62+G76+G80 -> 917400 | H32: =+H33+H45+H52+H56+H60+H62+H76+H80 -> 0 | I32: =+I33+I45+I52+I56+I60+I62+I76+I80 -> 21100 | J32: =+J33+J45+J52+J56+J60+J62+J76+J80 -> 0 | K32: =+K33+K45+K52+K56+K60+K62+K76+K80 -> 0 | L32: =+L33+L45+L52+L56+L60+L62+L76+L80 -> 0 | ... T32: =+T33+T45+T52+T56+T60+T62+T76+T80 -> 0 | U32: Х
A33: в том числе: на выплаты персоналу, всего | B33: 2100 | C33: Х | E33: =E34+E35+E36+E37+E40+E41+E42 -> 57380046 | F33: =F34+F35+F36+F37+F40+F41+F42 -> 54149946 | G33: =G34+G35+G36+G37+G40+G41+G42 -> 0 | H33: =H34+H35+H36+H37+H40+H41+H42 -> 0 | I33: =I34+I35+I36+I37+I40+I41+I42 -> 21100 | J33: =J34+J35+J36+J37+J40+J41+J42 -> 0 | K33: =K34+K35+K36+K37+K40+K41+K42 -> 0 | L33: =L34+L35+L36+L37+L40+L41+L42 -> 0 | ... P33: =P34+P35+P36+P37+P40+P41+P42 -> 0 | Q33: =+Q34+Q37+Q40+Q41 -> 0 | R33: =+R34+R37+R40+R41 -> 0 | U33: Х
A34: в том числе: оплата труда | B34: 2110 | C34: 111 | E34: =SUM(F34:S34) -> 44090665 | F34: =41509790+100000 -> 41609790 | I34: 16205 | N34: 2464670 | U34: Х
A35: прочие выплаты персоналу, в том числе компенсационного характера | B35: 2120 | C35: 112 | E35: =SUM(F35:S35) -> 4200 | F35: 4200 | U35: Х
A36: иные выплаты, за исключением фонда оплаты труда учреждения, для выполнения отдельных полномочий | B36: 2130 | C36: 113 | E36: =SUM(F36:S36) -> 0 | U36: Х
A37: взносы по обязательному социальному страхованию на выплаты по оплате труда работников и иные выплаты работникам учреждений, всего | B37: 2140 | C37: 119 | E37: =+E38+E39 -> 13285181 | F37: =+F38+F39 -> 12535956 | G37: =+G38+G39 -> 0 | H37: =+H38+H39 -> 0 | I37: =+I38+I39 -> 4895 | J37: =+J38+J39 -> 0 | K37: =+K38+K39 -> 0 | L37: =+L38+L39 -> 0 | ... R37: =+R38+R39 -> 0 | U37: Х
A38: в том числе: на выплаты по оплате труда | B38: 2141 | C38: 119 | E38: =SUM(F38:S38) -> 13285181 | F38: 12535956 | I38: 4895 | N38: 744330 | U38: Х
A39: на иные выплаты работникам | B39: 2142 | C39: 119 | E39: =SUM(F39:S39) -> 0 | U39: Х
A40: денежное довольствие военнослужащих и сотрудников, имеющих специальные звания | B40: 2150 | C40: 131 | E40: =SUM(F40:S40) -> 0 | U40: Х
A41: иные выплаты военнослужащим и сотрудникам, имеющим специальные звания | B41: 2160 | C41: 134 | E41: =SUM(F41:S41) -> 0 | U41: Х
A42: страховые взносы на обязательное социальное страхование в части выплат персоналу, подлежащих обложению страховыми взносами | B42: 2170 | C42: 139 | E42: =SUM(F42:S42) -> 0 | U42: Х
A43: в том числе: на оплату труда стажеров | B43: 2171 | C43: 139 | E43: =SUM(F43:S43) -> 0 | U43: Х
A44: на иные выплаты гражданским лицам (денежное содержание) | B44: 2172 | C44: 139 | E44: =SUM(F44:S44) -> 0 | U44: Х
A45: социальные и иные выплаты населению, всего | B45: 2200 | C45: 300 | E45: =+E46+E47 -> 0 | F45: =F46+F49+F50+F51 -> 0 | G45: =G46+G49+G50+G51 -> 0 | H45: =H46+H49+H50+H51 -> 0 | I45: =I46+I49+I50+I51 -> 0 | J45: =J46+J49+J50+J51 -> 0 | K45: =K46+K49+K50+K51 -> 0 | L45: =L46+L49+L50+L51 -> 0 | M45: =M46+M49+M50+M51 -> 0 | ... P45: =P46+P49+P50+P51 -> 0 | U45: Х
A46: в том числе: социальные выплаты гражданам, кроме публичных нормативных социальных выплат | B46: 2210 | C46: 300 | E46: =SUM(F46:S46) -> 0 | U46: Х
A47: из них: пособия, компенсации и иные социальные выплаты гражданам, кроме публичных нормативных обязательств | B47: 2211 | C47: 321 | E47: =SUM(F47:S47) -> 0 | U47: Х
E48: =SUM(F48:S48) -> 0
A49: выплата стипендий, осуществление иных расходов на социальную поддержку обучающихся за счет средств стипендиального фонда | B49: 2220 | C49: 340 | E49: =SUM(F49:S49) -> 0 | U49: Х
A50: на премирование физических лиц за достижения в области культуры, искусства, образования, науки и техники, а также на предоставление грантов с целью поддержки проектов в области науки, культуры и искусства | B50: 2230 | C50: 350 | E50: =SUM(F50:S50) -> 0 | U50: Х
A51: социальное обеспечение детей-сирот и детей, оставшихся без попечения родителей | B51: 2240 | C51: 360 | E51: =SUM(F51:S51) -> 0 | U51: Х
A52: уплата налогов, сборов и иных платежей, всего | B52: 2300 | C52: 850 | E52: =+E53+E54+E55 -> 543100 | F52: =+F53+F54+F55 -> 523100 | G52: =+G53+G54+G55 -> 0 | H52: =+H53+H54+H55 -> 0 | I52: =+I53+I54+I55 -> 0 | J52: =+J53+J54+J55 -> 0 | K52: =+K53+K54+K55 -> 0 | L52: =+L53+L54+L55 -> 0 | ... R52: =+R53+R54+R55 -> 0 | U52: Х
A53: из них: налог на имущество организаций и земельный налог | B53: 2310 | C53: 851 | E53: =SUM(F53:S53) -> 533100 | F53: =20000+503100 -> 523100 | N53: 10000 | U53: Х
A54: иные налоги (включаемые в состав расходов) в бюджеты бюджетной системы Российской Федерации, а также государственная пошлина | B54: 2320 | C54: 852 | E54: =SUM(F54:S54) -> 0 | U54: Х
A55: уплата штрафов (в том числе административных), пеней, иных платежей | B55: 2330 | C55: 853 | E55: =SUM(F55:S55) -> 10000 | N55: 10000 | U55: Х
A56: безвозмездные перечисления организациям и физическим лицам, всего | B56: 2400 | C56: Х | E56: =+E57+E58+E59 -> 0 | F56: =+F58+F57+F59 -> 0 | G56: =+G58+G57+G59 -> 0 | H56: =+H58+H57+H59 -> 0 | I56: =+I58+I57+I59 -> 0 | J56: =+J58+J57+J59 -> 0 | K56: =+K58+K57+K59 -> 0 | L56: =+L58+L57+L59 -> 0 | M56: =+M58+M57+M59 -> 0 | ... R56: =+R58+R57+R59 -> 0 | U56: Х
A57: из них: гранты, предоставляемые другим организациям и физическим лицам | B57: 2410 | C57: 810 | E57: =SUM(F57:S57) -> 0 | U57: Х
A58: взносы в международные организации | B58: 2420 | C58: 862 | E58: =SUM(F58:S58) -> 0 | U58: Х
A59: платежи в целях обеспечения реализации соглашений с правительствами иностранных государств и международными организациями | B59: 2430 | C59: 863 | E59: =SUM(F59:S59) -> 0 | U59: Х
A60: прочие выплаты (кроме выплат на закупку товаров, работ, услуг) | B60: 2500 | C60: Х | E60: =+E61 -> 0 | F60: =+F61 -> 0 | G60: =+G61 -> 0 | H60: =+H61 -> 0 | I60: =+I61 -> 0 | J60: =+J61 -> 0 | K60: =+K61 -> 0 | L60: =+L61 -> 0 | ... R60: =+R61 -> 0 | U60: Х
A61: исполнение судебных актов Российской Федерации и мировых соглашений по возмещению вреда, причиненного в результате деятельности учреждения | B61: 2520 | C61: 831 | E61: =SUM(F61:S61) -> 0 | U61: Х
A62: расходы на закупку товаров, работ, услуг, всего | B62: 2600 | C62: Х | E62: =+E63+E64+E65+E66 -> 5953287 | F62: =+F63+F64+F65+F66 -> 3464887 | G62: =+G63+G64+G65+G66 -> 917400 | H62: =+H63+H64+H65+H66 -> 0 | I62: =+I63+I64+I65+I66 -> 0 | J62: =+J63+J64+J65+J66 -> 0 | K62: =+K63+K64+K65+K66 -> 0 | L62: =+L63+L64+L65+L66 -> 0 | ... R62: =+R63+R64+R65+R66 -> 0
A63: в том числе: закупку научно-исследовательских и опытно-конструкторских работ | B63: 2610 | C63: 241 | E63: =SUM(F63:S63) -> 0
A64: закупку товаров, работ, услуг в сфере информационно-коммуникационных технологий | B64: 2620 | C64: 242 | E64: =SUM(F64:S64) -> 0
A65: закупку товаров, работ, услуг в целях капитального ремонта государственного (муниципального) имущества | B65: 2630 | C65: 243 | E65: =SUM(F65:S65) -> 0
A66: прочую закупку товаров, работ и услуг, всего | B66: 2640 | C66: 244 | E66: =SUM(F66:S66) -> 5953287 | F66: =29590+2103602+106560+151573+60000+193352+33760+786450 -> 3464887 | G66: =92400+825000 -> 917400 | N66: =315000+290000+146000+590000+218000+12000-347460-269416 -> 954124 | O66: 269416 | P66: 347460
A67: в том числе: поступления нефинансовых активов | B67: 2641 | C67: 244 | E67: =SUM(F67:S67) -> 2557610 | F67: =+F69+F70+F71 -> 820210 | G67: =+G69+G70+G71 -> 917400 | H67: =+H69+H70+H71 -> 0 | I67: =+I69+I70+I71 -> 0 | J67: =+J69+J70+J71 -> 0 | K67: =+K69+K70+K71 -> 0 | L67: =+L69+L70+L71 -> 0 | M67: =+M69+M70+M71 -> 0 | ... R67: =+R69+R70+R71 -> 0
A68: из них: | E68: =SUM(F68:S68) -> 0
A69: увеличение стоимости основных средств | B69: 2642 | C69: 244 | E69: =SUM(F69:S69) -> 1376450 | F69: 786450 | N69: 590000
A70: увеличение стоимости нематериальных активов | B70: 2643 | C70: 244 | E70: =SUM(F70:S70) -> 0
A71: увеличение стоимости материальных запасов | B71: 2644 | C71: 244 | E71: =SUM(F71:S71) -> 1181160 | F71: 33760 | G71: =92400+825000 -> 917400 | N71: =12000+218000 -> 230000
A72: в том числе питание | E72: =SUM(F72:S72) -> 917400 | G72: =92400+825000 -> 917400
A73: капитальные вложения в объекты государственной (муниципальной) собственности, всего | B73: 2650 | C73: 400 | E73: =SUM(F73:S73) -> 0
A74: в том числе: приобретение объектов недвижимого имущества государственными (муниципальными) учреждениями | B74: 2651 | C74: 406 | E74: =SUM(F74:S74) -> 0
A75: строительство (реконструкция) объектов недвижимого имущества государственными (муниципальными) учреждениями | B75: 2652 | C75: 407 | E75: =SUM(F75:S75) -> 0
A76: Выплаты, уменьшающие доход, всего | B76: 3000 | C76: 100 | E76: =SUM(F76:S76) -> 0 | U76: Х
A77: в том числе: налог на прибыль | B77: 3010 | E77: =SUM(F77:S77) -> 0 | U77: Х
A78: налог на добавленную стоимость | B78: 3020 | E78: =SUM(F78:S78) -> 0 | U78: Х
A79: прочие налоги, уменьшающие доход | B79: 3030 | E79: =SUM(F79:S79) -> 0 | U79: Х
A80: Прочие выплаты, всего | B80: 4000 | C80: Х | U80: Х
A81: из них: возврат в бюджет средств субсидии | B81: 4010 | C81: 610 | E81: =SUM(F81:S81) -> 0 | U81: Х

Sheet Разд.1.4
A1: Раздел 1.4. Поступления и выплаты за пределами планового периода, руб. (с точностью до двух знаков после запятой-0,00)
B2: Код строки | C2: Код по бюджетной классификации Российской Федерации | D2: Аналический код | E2: субсидии на финансовое обеспечение выполнения государственного (муниципального) задания | F2: субсидии на финансовое обеспечение выполнения государственного задания из бюджета Федерального фонда обязательного медицинского страхования | G2: *субсидии, предоставляемые в соответствии с абзацем вторым пункта 1 статьи 78.1 Бюджетного кодекса | L2: **субсидии на осуществление капитальных вложений | M2: ***поступления от оказания ууслуг (выполнения работ)на платной основе и от иной приносящей доход деятельности | V2: за пределами планового периода | W2: субсидии на финансовое обеспечение выполнения государственного (муниципального) задания | X2: субсидии на финансовое обеспечение выполнения государственного задания из бюджета Федерального фонда обязательного медицинского страхования | Y2: *субсидии, предоставляемые в соответствии с абзацем вторым пункта 1 статьи 78.1 Бюджетного кодекса | AD2: **субсидии на осуществление капитальных вложений | AE2: средства обязательного медицинского страхования | AF2: ***поступления от оказания ууслуг (выполнения работ)на платной основе и от иной приносящей доход деятельности
M3: родительская плата за присмотр и уход за ребенком, осваивающим образовательные программы дошкольного образования в муниципальных образовательных организациях, осуществляющих образовательную деятельность по реализации образовательных программ дошкольного образования | N3: доходы от оказания платных услуг*** | O3: доходы по условным арендным платежам | P3: доходы от операционной аренды | Q3: доходы от штрафных санкций за нарушение законодательства о закупках и нарушение условий контрактов (договоров) | R3: иные доходы, невыясненные поступления | S3: доходы, поступающие от выбытия материальных активов | T3: гранты | U3: на 20___г. второй год планового периода | Y3: Расходы на присмотр и уход за детьми дошкольного возраста в муниципальных образовательных организациях, реализующих основную общеобразовательную программу дошкольного образования | Z3: Погашение кредиторской задолженности прошлых лет по расходам на выполнение муниципальных заданий муниципальными бюджетными и автономными учреждениями | AF3: родительская плата за присмотр и уход за ребенком, осваивающим образовательные программы дошкольного образования в муниципальных образовательных организациях, осуществляющих образовательную деятельность по реализации образовательных программ дошкольного образования | AG3: доходы от оказания платных услуг*** | AH3: доходы по условным арендным платежам | AI3: доходы от операционной аренды | AJ3: доходы от штрафных санкций за нарушение законодательства о закупках и нарушение условий контрактов (договоров) | AM3: иные доходы, невыясненные поступления | AN3: доходы, поступающие от выбытия материальных активов | AO3: гранты
A4: 1 | B4: 2 | C4: 3 | D4: 4 | E4: 5 | U4: 7 | V4: 8
A5: Остаток средств на начало текущего финансового года | B5: 0001 | C5: Х | D5: Х
A6: Остаток средств на конец текущего финансового года | B6: 0002 | C6: Х | D6: Х | E6: =+E5+E7-E32 -> 0 | F6: =+F5+F7-F32 -> 0 | G6: =+G5+G7-G32 -> 0 | H6: =+H5+H7-H32 -> 0 | I6: =+I5+I7-I32 -> 0 | J6: =+J5+J7-J32 -> 0 | K6: =+K5+K7-K32 -> 0 | L6: =+L5+L7-L32 -> 0 | ... U6: =+U5+U7-U32 -> 0
A7: Доходы, всего: | B7: 1000 | E7: =+E8+E10+E14+E17+E18+E26 -> 0 | F7: =+F8+F10+F14+F17+F18+F26 -> 0 | G7: =+G8+G10+G14+G17+G18+G26 -> 0 | H7: =+H8+H10+H14+H17+H18+H26 -> 0 | I7: =+I8+I10+I14+I17+I18+I26 -> 0 | J7: =+J8+J10+J14+J17+J18+J26 -> 0 | K7: =+K8+K10+K14+K17+K18+K26 -> 0 | L7: =+L8+L10+L14+L17+L18+L26 -> 0 | ... V7: =+V8+V10+V14+V17+V18+V26 -> 0
A8: в том числе: доходы от собстенности, всего | B8: 1100 | C8: 120
A9: в том числе: | B9: 1110
A10: доходы от оказания услуг, работ, компенсаций затрат учреждений, всего | B10: 1200 | C10: 130 | E10: =+E11+E12 -> 0 | F10: =+F11+F12 -> 0 | G10: =+G11+G12 -> 0 | H10: =+H11+H12 -> 0 | I10: =+I11+I12 -> 0 | J10: =+J11+J12 -> 0 | K10: =+K11+K12 -> 0 | L10: =+L11+L12 -> 0 | ... V10: =+V11+V12 -> 0
A11: в том числе: субсидии на финансовое обеспечение выполнения государственного (муниципального) задания за счет средств бюджета публично-правового образования, создавшего учреждение | B11: 1210 | C11: 130
A12: субсидии на финансовое обеспечение выполнения государственного задания за счет средств бюджета Федерального фонда обязательного медицинского страхования | B12: 1220 | C12: 130
A13: прочие поступления от оказания услуг (выполнения работ)на платной основе | B13: 1230 | C13: 130
A14: доходы от штрафов, пеней, иных сумм принудительного изъятия, всего | B14: 1300 | C14: 140 | E14: =+E15+E16 -> 0 | F14: =+F15+F16 -> 0 | G14: =+G15+G16 -> 0 | H14: =+H15+H16 -> 0 | I14: =+I15+I16 -> 0 | J14: =+J15+J16 -> 0 | K14: =+K15+K16 -> 0 | L14: =+L15+L16 -> 0 | ... V14: =+V15+V16 -> 0
A15: в том числе: | B15: 1310 | C15: 140
A17: безвозмездные денежные поступления, всего | B17: 1400 | C17: 150
A18: в том числе:
A19: прочие доходы, всего: | B19: 1500 | C19: 180 | E19: =+E20+E24 -> 0 | F19: =+F20+F24 -> 0 | G19: =+G20+G24 -> 0 | H19: =+H20+H24 -> 0 | I19: =+I20+I24 -> 0 | J19: =+J20+J24 -> 0 | K19: =+K20+K24 -> 0 | L19: =+L20+L24 -> 0 | ... V19: =+V20+V24 -> 0
A20: в том числе: целевые субсидии, всего | B20: 1510 | C20: 180 | E20: =+E21+E22+E23 -> 0 | F20: =+F21+F22+F23 -> 0 | G20: =+G21+G22+G23 -> 0 | H20: =+H21+H22+H23 -> 0 | I20: =+I21+I22+I23 -> 0 | J20: =+J21+J22+J23 -> 0 | K20: =+K21+K22+K23 -> 0 | L20: =+L21+L22+L23 -> 0 | ... V20: =+V21+V22+V23 -> 0
A21: в том числе: | B21: 1511 | C21: 180
B22: 1512 | C22: 180
B23: 1513 | C23: 180
A24: субсидии на осуществление капитальных вложений | B24: 1520 | C24: 180
A25: от иной приносящей доход деятельности | B25: 1530 | C25: 180
A26: доходы от операций с активами, всего | B26: 1900
A27: в том числе:
A29: прочие поступления, всего | B29: 1980 | C29: Х
A30: из них: увеличение остатков денежных средств средства за счет возврата дебиторской задолженности прошлых лет | B30: 1981 | C30: 510 | V30: Х
V31: Х
A32: Расходы, всего | B32: 2000 | C32: Х | E32: =+E33+E45+E52+E56+E60+E62+E76+E80 -> 0 | F32: =+F33+F45+F52+F56+F60+F62+F76+F80 -> 0 | G32: =+G33+G45+G52+G56+G60+G62+G76+G80 -> 0 | H32: =+H33+H45+H52+H56+H60+H62+H76+H80 -> 0 | I32: =+I33+I45+I52+I56+I60+I62+I76+I80 -> 0 | J32: =+J33+J45+J52+J56+J60+J62+J76+J80 -> 0 | K32: =+K33+K45+K52+K56+K60+K62+K76+K80 -> 0 | L32: =+L33+L45+L52+L56+L60+L62+L76+L80 -> 0 | ... U32: =+U33+U45+U52+U56+U60+U62+U76+U80 -> 0 | V32: Х
A33: в том числе: на выплаты персоналу, всего | B33: 2100 | C33: Х | E33: =+E34+E37+E40+E41+E42 -> 0 | V33: Х
A34: в том числе: оплата труда | B34: 2110 | C34: 111 | V34: Х
A35: прочие выплаты персоналу, в том числе компенсационного характера | B35: 2120 | C35: 112 | V35: Х
A36: иные выплаты, за исключением фонда оплаты труда учреждения, для выполнения отдельных полномочий | B36: 2130 | C36: 113 | V36: Х
A37: взносы по обязательному социальному страхованию на выплаты по оплате труда работников и иные выплаты работникам учреждений, всего | B37: 2140 | C37: 119 | E37: =+E38+E39 -> 0 | V37: Х
A38: в том числе: на выплаты по оплате труда | B38: 2141 | C38: 119 | V38: Х
A39: на иные выплаты работникам | B39: 2142 | C39: 119 | V39: Х
A40: денежное довольствие военнослужащих и сотрудников, имеющих специальные звания | B40: 2150 | C40: 131 | V40: Х
A41: иные выплаты военнослужащим и сотрудникам, имеющим специальные звания | B41: 2160 | C41: 134 | V41: Х
A42: страховые взносы на обязательное социальное страхование в части выплат персоналу, подлежащих обложению страховыми взносами | B42: 2170 | C42: 139 | V42: Х
A43: в том числе: на оплату труда стажеров | B43: 2171 | C43: 139 | V43: Х
A44: на иные выплаты гражданским лицам (денежное содержание) | B44: 2172 | C44: 139 | V44: Х
A45: социальные и иные выплаты населению, всего | B45: 2200 | C45: 300 | E45: =+E46+E47 -> 0 | V45: Х
A46: в том числе: социальные выплаты гражданам, кроме публичных нормативных социальных выплат | B46: 2210 | C46: 300 | V46: Х
A47: из них: пособия, компенсации и иные социальные выплаты гражданам, кроме публичных нормативных обязательств | B47: 2211 | C47: 321 | V47: Х
A49: выплата стипендий, осуществление иных расходов на социальную поддержку обучающихся за счет средств стипендиального фонда | B49: 2220 | C49: 340 | V49: Х
A50: на премирование физических лиц за достижения в области культуры, искусства, образования, науки и техники, а также на предоставление грантов с целью поддержки проектов в области науки, культуры и искусства | B50: 2230 | C50: 350 | V50: Х
A51: социальное обеспечение детей-сирот и детей, оставшихся без попечения родителей | B51: 2240 | C51: 360 | V51: Х
A52: уплата налогов, сборов и иных платежей, всего | B52: 2300 | C52: 850 | E52: =+E53+E54+E55 -> 0 | V52: Х
A53: из них: налог на имущество организаций и земельный налог | B53: 2310 | C53: 851 | V53: Х
A54: иные налоги (включаемые в состав расходов) в бюджеты бюджетной системы Российской Федерации, а также государственная пошлина | B54: 2320 | C54: 852 | V54: Х
A55: уплата штрафов (в том числе административных), пеней, иных платежей | B55: 2330 | C55: 853 | V55: Х
A56: безвозмездные перечисления организациям и физическим лицам, всего | B56: 2400 | C56: Х | E56: =+E57+E58+E59 -> 0 | V56: Х
A57: из них: гранты, предоставляемые другим организациям и физическим лицам | B57: 2410 | C57: 810 | V57: Х
A58: взносы в международные организации | B58: 2420 | C58: 862 | V58: Х
A59: платежи в целях обеспечения реализации соглашений с правительствами иностранных государств и международными организациями | B59: 2430 | C59: 863 | V59: Х
A60: прочие выплаты (кроме выплат на закупку товаров, работ, услуг) | B60: 2500 | C60: Х | E60: =+E61 -> 0 | V60: Х
A61: исполнение судебных актов Российской Федерации и мировых соглашений по возмещению вреда, причиненного в результате деятельности учреждения | B61: 2520 | C61: 831 | V61: Х
A62: расходы на закупку товаров, работ, услуг, всего | B62: 2600 | C62: Х | E62: =+E63+E64+E65+E66+E73+E67 -> 0
A63: в том числе: закупку научно-исследовательских и опытно-конструкторских работ | B63: 2610 | C63: 241
A64: закупку товаров, работ, услуг в сфере информационно-коммуникационных технологий | B64: 2620 | C64: 242
A65: закупку товаров, работ, услуг в целях капитального ремонта государственного (муниципального) имущества | B65: 2630 | C65: 243
A66: прочую закупку товаров, работ и услуг, всего | B66: 2640 | C66: 244
A67: в том числе: поступления нефинансовых активов | B67: 2641 | C67: 244
A68: из них:
A69: увеличение стоимости основных средств | B69: 2642 | C69: 244
A70: увеличение стоимости нематериальных активов | B70: 2643 | C70: 244
A71: увеличение стоимости материальных запасов | B71: 2644 | C71: 244
A72: в том числе питание
A73: капитальные вложения в объекты государственной (муниципальной) собственности, всего | B73: 2650 | C73: 400 | E73: =+E74+E75 -> 0
A74: в том числе: приобретение объектов недвижимого имущества государственными (муниципальными) учреждениями | B74: 2651 | C74: 406
A75: строительство (реконструкция) объектов недвижимого имущества государственными (муниципальными) учреждениями | B75: 2652 | C75: 407
A76: Выплаты, уменьшающие доход, всего | B76: 3000 | C76: 100 | V76: Х
A77: в том числе: налог на прибыль | B77: 3010 | V77: Х
A78: налог на добавленную стоимость | B78: 3020 | V78: Х
A79: прочие налоги, уменьшающие доход | B79: 3030 | V79: Х
A80: Прочие выплаты, всего | B80: 4000 | C80: Х | V80: Х
A81: из них: возврат в бюджет средств субсидии | B81: 4010 | C81: 610 | V81: Х

Sheet Разд.2
A1: Раздел 2. Сведения по выплатам на закупки товаров, работ, услуг
A2: N п/п | B2: Наименование показателя | C2: Коды строк | D2: Год начала закупки | E2: Сумма
E3: на 2020 г. (текущий финансовый год) | F3: на 2021 г. (первый год планового периода) | G3: на 2022 г. (второй год планового периода) | H3: за пределами планового периода
A4: 1 | B4: 2 | C4: 3 | D4: 4 | E4: 5 | F4: 6 | G4: 7 | H4: 8
A5: 1 | B5: Выплаты на закупку товаров, работ, услуг, всего | C5: 26000 | D5: x | E5: =E6+E8+E9+E10 -> 5663665 | F5: =F6+F8+F9+F10 -> 6716276 | G5: =G6+G8+G9+G10 -> 5953287 | H5: =H6+H8+H9+H10 -> 0
A6: 1.1. | B6: в том числе: | C6: 26100 | D6: x
B7: по контрактам (договорам), заключенным до начала текущего финансового года без применения норм Федерального закона от 5 апреля 2013 г. N 44-ФЗ "О контрактной системе в сфере закупок товаров, работ, услуг для обеспечения государственных и муниципальных нужд" (Собрание законодательства Российской Федерации, 2013, N 14, ст. 1652; 2018, N 32, ст. 5104) (далее - Федеральный закон N 44-ФЗ) и Федерального закона от 18 июля 2011 г. N 223-ФЗ "О закупках товаров, работ, услуг отдельными видами юридических лиц" (Собрание законодательства Российской Федерации, 2011, N 30, ст. 4571; 2018, N 32, ст. 5135) (далее - Федеральный закон N 223-ФЗ)
A8: 1.2. | B8: по контрактам (договорам), планируемым к заключению в соответствующем финансовом году без применения норм Федерального закона N 44-ФЗ и Федерального закона N 223-ФЗ | C8: 26200 | D8: x
A9: 1.3. | B9: по контрактам (договорам), заключенным до начала текущего финансового года с учетом требований Федерального закона N 44-ФЗ и Федерального закона N 223-ФЗ | C9: 26300 | D9: x
A10: 1.4. | B10: по контрактам (договорам), планируемым к заключению в соответствующем финансовом году с учетом требований Федерального закона N 44-ФЗ и Федерального закона N 223-ФЗ | C10: 26400 | D10: x | E10: =+E11+E19+E23+E24+E28 -> 5663665 | F10: =+F11+F19+F23+F24+F28 -> 6716276 | G10: =+G11+G19+G23+G24+G28 -> 5953287 | H10: =+H11+H19+H23+H24+H28 -> 0
A11: 1.4.1. | B11: в том числе: | C11: 26410 | D11: x | E11: =+E13+E15 -> 3175265 | F11: =+F13+F15 -> 3327876 | G11: =+G13+G15 -> 3464887 | H11: =+H13+H15 -> 0
B12: за счет субсидий, предоставляемых на финансовое обеспечение выполнения государственного (муниципального) задания
A13: 1.4.1.1. | B13: в том числе: | C13: 26411 | D13: x
B14: в соответствии с Федеральным законом N 44-ФЗ
A15: 1.4.1.2. | B15: в соответствии с Федеральным законом N 223-ФЗ | C15: 26412 | D15: x | E15: =Разд.1.1!F62 -> 3175265 | F15: =Разд.1.2!F62 -> 3327876 | G15: =Разд.1.3!F62 -> 3464887
A16: 1.4.1.4. | B16: в том числе: | C16: 26414 | D16: x
B17: в соответствии с Федеральным законом N 44-ФЗ
A18: 1.4.1.5. | B18: в соответствии с Федеральным законом N 223-ФЗ | C18: 26415 | D18: x
A19: 1.4.2. | B19: за счет субсидий, предоставляемых в соответствии с абзацем вторым пункта 1 статьи 78.1 Бюджетного кодекса Российской Федерации | C19: 26420 | D19: x | E19: =+E20+E22 -> 917400 | F19: =+F20+F22 -> 1817400 | G19: =+G20+G22 -> 917400 | H19: =+H20+H22 -> 0
A20: 1.4.2.1 | B20: в том числе: | C20: 26421 | D20: x
B21: в соответствии с Федеральным законом N 44-ФЗ
A22: 1.4.2.2. | B22: в соответствии с Федеральным законом N 223-ФЗ | C22: 26422 | D22: x | E22: =Разд.1.1!G62 -> 917400 | F22: =Разд.1.2!G62+Разд.1.2!H62 -> 1817400 | G22: =Разд.1.3!G62 -> 917400
A23: 1.4.3. | B23: за счет субсидий, предоставляемых на осуществление капитальных вложений | C23: 26430 | D23: x
A24: 1.4.4. | B24: за счет средств обязательного медицинского страхования | C24: 26440 | D24: x | E24: =+E25+E27 -> 0 | F24: =+F25+F27 -> 0 | G24: =+G25+G27 -> 0 | H24: =+H25+H27 -> 0
A25: 1.4.4.1. | B25: в том числе: | C25: 26441 | D25: x
B26: в соответствии с Федеральным законом N 44-ФЗ
A27: 1.4.4.2. | B27: в соответствии с Федеральным законом N 223-ФЗ | C27: 26442 | D27: x
A28: 1.4.5. | B28: за счет прочих источников финансового обеспечения | C28: 26450 | D28: x | E28: =+E29+E31 -> 1571000 | F28: =+F29+F31 -> 1571000 | G28: =+G29+G31 -> 1571000 | H28: =+H29+H31 -> 0
A29: 1.4.5.1. | B29: в том числе: | C29: 26451 | D29: x
B30: в соответствии с Федеральным законом N 44-ФЗ
A31: 1.4.5.2. | B31: в соответствии с Федеральным законом N 223-ФЗ | C31: 26452 | D31: x | E31: =Разд.1.1!N62+Разд.1.1!O62+Разд.1.1!P62 -> 1571000 | F31: =Разд.1.2!N62+Разд.1.2!O62+Разд.1.2!P62 -> 1571000 | G31: =Разд.1.3!N62+Разд.1.3!O62+Разд.1.3!P62 -> 1571000
A32: 2. | B32: Итого по контрактам, планируемым к заключению в соответствующем финансовом году в соответствии с Федеральным законом N 44-ФЗ, по соответствующему году закупки | C32: 26500 | D32: x | E32: =+E33 -> 0 | F32: =+F33 -> 0 | G32: =+G33 -> 0 | H32: =+H33 -> 0
B33: в том числе по году начала закупки: | C33: 26510
A35: 3. | B35: Итого по договорам, планируемым к заключению в соответствующем финансовом году в соответствии с Федеральным законом N 223-ФЗ, по соответствующему году закупки | C35: 26600 | D35: x | E35: =+E36 -> 5663665 | F35: =+F36 -> 6716276 | G35: =+G36 -> 5953287 | H35: =+H36 -> 0
B36: в том числе по году начала закупки: | C36: 26610 | E36: =E31+E22+E15 -> 5663665 | F36: =F31+F22+F15 -> 6716276 | G36: =G31+G22+G15 -> 5953287 | H36: =H31+H22+H15 -> 0
B38: Руководитель учреждения | D38: директор | H38: З.В. Медведева
B39: (уполномоченное лицо учреждения) | D39: (должность) | F39: (подпись) | G39: (расшифровка подписи)
B43: Исполнитель | C43: заместитель директора по планово-финансовой работе | F43: Кузнецова Е.А. | H43: 20-07-05
D44: (должность) | F44: (фамилия, инициалы) | H44: (телефон)
B46: "__" ________ 20__ г.
B47: │_________________________________________________________________________│
B48: (наименование должности уполномоченного лица органа-учредителя)
B49: │ │
B50: ___________________ __________________________________________
B51: │ (подпись) (расшифровка подписи) │
